 Dungeon Crawl Stone Soup version 0.30-a0-168-g0b976cbdc4 (webtiles) character file.

Game seed: 420507739904882656

749695 qw the Bringer of Light (level 27, -4/195 HPs)
             Began as a Gargoyle Fighter on Sept 29, 2022.
             Was the Champion of the Shining One.
             Slain by a Hell Sentinel (15 damage)
             ... in Pandemonium.
             The game lasted 00:33:10 (64845 turns).

qw the Bringer of Light (Gargoyle Fighter)         Turns: 64845, Time: 00:33:11

Health: -4/195     AC: 67    Str: 48      XL:     27
Magic:  26/36      EV: 20    Int: 20      God:    the Shining One [******]
Gold:   6341       SH: 21    Dex: 10 (11) Spells: 26/26 levels left

rFire   + . .      SeeInvis .    c - +9 broad axe (holy)
rCold   + . .      Faith    +    u - +0 tower shield
rNeg    + + +      Spirit   .    r - +6 plate armour {rF+}
rPois   inf        Reflect  .    O - +2 helmet of Impatience {Str+4 Int+4 Slay+3}
rElec   +          Harm     .    L - +2 cloak of the Insatiable Towns {Rampage rPois rC- Regen+}
rCorr   +          Rampage  +    v - +4 pair of gloves of the Solstice {Str+7}
Will    ++...                    h - +3 pair of mountain boots {steadfast, rC+}
Stlth   ..........               m - amulet of Ehollyob {Faith Str+2 Int+2 Dex-2 Slay+5}
HPRegen 1.22/turn                n - ring of Resouf {rC+ rCorr EV+4 Int+2 Dex+4}
MPRegen 0.25/turn                A - ring "Purunn" {rCorr EV+4 Str+4}

@: about to teleport, flying, glowing
A: sickness immunity, AC +20, big wings, negative energy resistance 1,
electricity resistance, torment resistance 1, petrification resistance,
deterioration 1, low MP 1, sense surroundings 1
}: 7/15 runes: decaying, serpentine, silver, golden, demonic, glowing, fiery
a: Renounce Religion, Divine Shield, Cleansing Flame, Summon Divine Warrior


You were in Pandemonium.
You worshipped the Shining One.
The Shining One was exalted by your worship.
You visited 10 branches of the dungeon, and saw 49 of its levels.
You visited Pandemonium 1 time, and saw 11 of its levels.
You also visited: Gauntlet.

You collected 11250 gold pieces.
You spent 4909 gold pieces at shops.


Innate Abilities, Weirdness & Mutations

You are immune to sickness and miasma.
Your stone body is resilient. (AC +20)
You are immune to poison.
Your large and strong wings let you fly.
You resist negative energy. (rN+)
You are resistant to electric shocks. (rElec)
You are resistant to unholy torment.
You are immune to petrification.
Your body sometimes deteriorates upon taking damage.
Your magical capacity is low. (-10% MP)
You passively map a small area around you.


   Skills:
 + Level 25.8 Fighting
 - Level 18.0 Axes
 - Level 14.4 Throwing
 - Level 24.0 Armour
 - Level 10.2 Dodging
 - Level 22.7 Shields
 O Level 27 Invocations


You had 26 spell levels left.
You didn't know any spells.
Your spell library was empty.

Inventory:

Hand Weapons
 c - a +9 broad axe of holy wrath (weapon)
Missiles
 a - 10 boomerangs of dispersal
 b - 6 javelins (quivered)
 x - 29 boomerangs
 G - 2 silver boomerangs
Armour
 h - the +3 pair of mountain boots (worn) {steadfast, rC+}
   (You bought it in a shop on level 2 of the Orcish Mines)

   It prevents involuntary movement, except for blinking, teleportation, or
   banishment.
   rC:        It protects you from cold.
 r - a +6 plate armour of fire resistance (worn)
 s - a +2 tower shield of reflection
 t - the -1 tower shield "Qirch" {rF++ rCorr Int+3 Slay-3}
   (You acquired it on level 2 of the Crypt)

   Int:       It affects your intelligence (+3).
   Slay:      It affects your accuracy & damage with ranged weapons and melee
   (-3).
   rF:        It greatly protects you from fire.
   rCorr:     It protects you from acid and corrosion.
 u - a +0 tower shield (worn)
 v - the +4 pair of gloves of the Solstice (worn) {Str+7}
   (Okawaru gifted it to you on level 4 of the Lair of Beasts)

   Str:       It affects your strength (+7).
 y - the +3 plate armour of the Lion {Dex+3}
   (You found it in Pandemonium)

   Dex:       It affects your dexterity (+3).
 B - the +7 chain mail "Dozamn" {-Tele Rampage Str+8 Int-3}
   (You found it on level 1 of the Lair of Beasts)

   Str:       It affects your strength (+8).
   Int:       It affects your intelligence (-3).
   -Tele:     It prevents most forms of teleportation.
   Rampage:   It bestows one free step when moving towards enemies.
 J - +0 gold dragon scales
 L - the +2 cloak of the Insatiable Towns (worn) {Rampage rPois rC- Regen+}
   (You bought it in a shop on level 2 of the Orcish Mines)

   rC:        It makes you vulnerable to cold.
   rPois:     It protects you from poison.
   Regen:     It increases your rate of health regeneration.
   Rampage:   It bestows one free step when moving towards enemies.
 N - a +2 cloak
 O - the +2 helmet of Impatience (worn) {Str+4 Int+4 Slay+3}
   (You found it on level 3 of the Swamp)

   Str:       It affects your strength (+4).
   Int:       It affects your intelligence (+4).
   Slay:      It affects your accuracy & damage with ranged weapons and melee
   (+3).
 S - the +0 chain mail of Kindness {Drain rC+ rCorr}
   (You found it on level 5 of the Vaults)

   rC:        It protects you from cold.
   rCorr:     It protects you from acid and corrosion.
   Drain:     It drains your maximum health when unequipped.
Jewellery
 l - the amulet "Kihuuq" {Acrobat rF+ rN+}
   (You found it on level 4 of the Snake Pit)

   [amulet of the acrobat]

   It increases your evasion while moving and waiting.
   rF:        It protects you from fire.
   rN:        It protects you from negative energy.
 m - the amulet of Ehollyob (around neck) {Faith Str+2 Int+2 Dex-2 Slay+5}
   (You found it on level 3 of the Dungeon)

   [amulet of faith]

   It allows you to gain divine favour quickly.
   Str:       It affects your strength (+2).
   Int:       It affects your intelligence (+2).
   Dex:       It affects your dexterity (-2).
   Slay:      It affects your accuracy & damage with ranged weapons and melee
   (+5).
 n - the ring of Resouf (left hand) {rC+ rCorr EV+4 Int+2 Dex+4}
   (You bought it in a shop on level 3 of the Dungeon)

   [ring of evasion]

   EV:        It affects your evasion (+4).
   Int:       It affects your intelligence (+2).
   Dex:       It affects your dexterity (+4).
   rC:        It protects you from cold.
   rCorr:     It protects you from acid and corrosion.
 z - the amulet "Wadots" {Faith rPois rF+ Int-3}
   (You found it in Pandemonium)

   [amulet of faith]

   It allows you to gain divine favour quickly.
   Int:       It affects your intelligence (-3).
   rF:        It protects you from fire.
   rPois:     It protects you from poison.
 A - the ring "Purunn" (right hand) {rCorr EV+4 Str+4}
   (You found it on level 3 of the Tomb of the Ancients)

   [ring of evasion]

   EV:        It affects your evasion (+4).
   Str:       It affects your strength (+4).
   rCorr:     It protects you from acid and corrosion.
 U - the ring "Duyxa" {Ice Slay+2}
   (You found it on level 5 of the Vaults)

   [ring of ice]

   It enhances your ice magic.
   Slay:      It affects your accuracy & damage with ranged weapons and melee
   (+2).
   rF:        It makes you vulnerable to fire.
   rC:        It protects you from cold.
 Y - the ring "Mofial" {rPois rF+ Will+ Str+4}
   (You found it on level 5 of the Lair of Beasts)

   [ring of protection from fire]

   Str:       It affects your strength (+4).
   rF:        It protects you from fire.
   rPois:     It protects you from poison.
   Will:      It increases your willpower.
Wands
 o - a wand of digging (5)
Scrolls
 f - 21 scrolls of identify
 j - 12 scrolls of teleportation
 K - 4 scrolls of enchant weapon
 Q - 2 scrolls of brand weapon
Potions
 d - 10 potions of might
 e - 9 potions of haste
 g - 14 potions of curing
 i - 15 potions of heal wounds
 k - 8 potions of mutation
 p - 4 potions of attraction
 q - 5 potions of cancellation
 w - 11 potions of lignification

Dungeon Overview and Level Annotations

Branches:
Dungeon (15/15)            Temple (0/1) D:7            Lair (5/5) D:10
  Swamp (4/4) Lair:2        Snake (4/4) Lair:3        Slime (0/5) Lair:5
    Orc (2/2) D:12            Elf (0/3) Orc:2        Vaults (5/5) D:13
  Crypt (3/3) Vaults:2       Tomb (3/3) Crypt:3      Depths (4/4) D:15
    Zot (4/5) Depths:4    Gauntlet (visited)

Altars:
Ashenzari
Cheibriados
Elyvilon
Fedhas
Hepliaklqana
Kikubaaqudgha
Makhleb
Nemelex Xobeh
Okawaru
Qazlal
Ru
Sif Muna
Uskayaw
Vehumet
Wu Jian
Xom
Yredelemnul
Zin
The Shining One
Jiyva
Lugonu

Shops:
D:1 [   D:3 *   Orc:2 [=?[[   Snake:3 !(([   Vaults:2 ?   Vaults:3 *?
Depths:4 (:*

Portals:
Hell: Depths:1 Depths:2 Depths:3 Depths:4
Abyss: Depths:3
Pandemonium: Depths:1 Depths:2 Depths:3
Ziggurat: Depths:4

Annotations:
D:13 1 runed translucent door, Xuta's ghost, journeyman FoFi
Lair:1 3 runed translucent doors, qw's ghost, journeyman GrFi
Crypt:3 3 runed translucent doors, Nyubb's ghost, veteran MiGl
Depths:2 2 transporters


Message History

The bolt of fire misses your angel.
The bolt of fire hits you but does no damage.
A red devil comes into view. It is wielding a +0 trident.
You completely miss the Hell Sentinel. The hellion gestures at you.
The sphere of damnation explodes!
The damnation engulfs you!!
The damnation engulfs the Hell Sentinel.
The Hell Sentinel completely resists.
A demonspawn corrupter comes into view. It is wielding a +0 great sword.
Aggesetuuw gestures at you. The bolt of energy hits your angel!!
The bolt of energy hits you but does no damage.
You carve the Hell Sentinel like a ham!!!
The Hell Sentinel convulses!
The Hell Sentinel is moderately wounded.
You hit the Hell Sentinel but do no damage.
Your angel hits Aggesetuuw with a +3 sacred scourge of holy wrath.
Aggesetuuw convulses.
Your angel hits Aggesetuuw with a +3 sacred scourge of holy wrath!
Aggesetuuw convulses!!
You slash the Hell Sentinel!
The Hell Sentinel convulses!
The Hell Sentinel is heavily wounded.
You slice the Hell Sentinel!!
The Hell Sentinel convulses!!
Your angel barely misses Aggesetuuw.
Your angel hits Aggesetuuw with a +3 sacred scourge of holy wrath.
Aggesetuuw convulses.
Aggesetuuw tentacle-slaps your angel. The Hell Sentinel barely misses you.
The Hell Sentinel completely misses you.
The Hell Sentinel gestures at you. The iron shot hits you!!!
Some weird stuff shatters into small pieces.
64845 ||| READING 13 scrolls of teleportation.
As you read the scroll of teleportation, it crumbles to dust.
You feel strangely unstable.
Your angel hits the blizzard demon with a +3 sacred scourge of holy wrath!
The blizzard demon convulses!
Your angel hits the blizzard demon with a +3 sacred scourge of holy wrath.
The blizzard demon convulses.
Aggesetuuw tentacle-slaps your angel!
You block the Hell Sentinel's attack. x2; The Hell Sentinel hits you!
You die...

* ...#.#.' , *
*#..#.#.#.# * ,
+...&#.#.# ,' , .
#..2A#.#.' , +
#.,*#..A..#4# * *
#..##.4#..#6# , *
,.............# *
...........1.#.#...
...........@1.32...
..............4..#.
#..###....###2.###
* * ### ######
*2#.# * * , ,, 26
2., * , , #.,.., *
* .. . , , ** * ..
,


You could see Aggesetuuw (ally target), 2 Hell Sentinels, a cacodemon
(summoned), 2 demonspawn corrupters, a reaper (summoned), a blizzard demon, a
shadow demon, an orange demon, a hellion, a neqoxec, a chaos spawn, a red devil,
a friendly daeva (summoned) and a friendly angel (summoned).

Vanquished Creatures
  Cerebov (Pan)
  A pandemonium lord (Pan)
  A dread lich (Vaults:4)
  2 orbs of fire
  Mara (Vaults:5)
  3 ancient liches
  Sojobo (Vaults:4)
  27 royal mummies
  Boris (twice) (Depths:4 Vaults:5)
  2 Killer Klowns (Zot:2)
  Saint Roka (Depths:4)
  Vashnia (Snake:2)
  Margery (Vaults:3)
  Xtahua (Crypt:2)
  A curse toe (Zot:2)
  Jory (Crypt:1)
  10 golden dragons
  2 Brimstone Fiends (Pan)
  20 tentacled monstrosities
  4 Ice Fiends
  4 liches
  Mlioglotl (Swamp:1)
  Rupert (D:12)
  11 titans
  4 quicksilver dragons
  7 deep elf blademasters
  5 deep elf master archers
  8 ancient champions
  6 death cobs
  Frances (Swamp:1)
  12 sphinxes
  Kirke (Snake:1)
  Gastronok (D:8)
  4 Executioners (Pan)
  7 storm dragons
  9 tengu reavers
  8 shadow dragons
  8 revenants
  4 thorn hunters (Swamp:4)
  3 demonspawn warmongers (Pan)
  Donald (Swamp:1)
  3 draconian knights
  6 draconian monks
  20 fire giants
  A fenstrider witch (Swamp:1)
  9 nagarajas
  2 iron dragons
  15 vault wardens
  A ghost moth (Zot:2)
  22 balrugs (Pan)
  21 frost giants
  Aizul (Snake:3)
  2 deep elf sorcerers (Vaults:5)
  14 cacodemons
  3 draconian scorchers
  Louise (Swamp:1)
  3 draconian stormcallers
  5 draconian shifters
  3 reapers
  A caustic shrike skeleton (Crypt:3)
  7 curse skulls
  3 spriggan defenders
  9 ghouls
  An angel (Pan)
  A draconian annihilator (Zot:2)
  7 ironbound thunderhulks
  2 demonspawn blood saints (Pan)
  19 ironbound preservers
  37 very ugly things
  3 demonspawn corrupters (Pan)
  6 vampire knights
  25 stone giants
  6 war gargoyles
  7 bennus
  14 green draconians
  3 lorocyprocas (Pan)
  18 dire elephants
  14 black draconians
  A deep elf demonologist (Vaults:5)
  3 eleionomae
  A deep elf annihilator (Vaults:5)
  2 demonspawn black suns (Pan)
  13 purple draconians
  A minotaur (Gauntlet)
  3 bunyips
  2 spark wasps (Depths:3)
  3 eidola
  14 red draconians
  9 white draconians
  11 ettins
  8 yellow draconians
  A green death (Pan)
  A crystal guardian (D:14)
  3 deep elf death magi
  A shambling mangrove (Swamp:4)
  3 jiangshi
  9 fire dragons
  5 blizzard demons
  3 entropy weavers
  23 mummy priests
  Josephine (Lair:3)
  14 yaktaur captains
  8 great orbs of eyes
  A quicksilver dragon zombie (Crypt:3)
  4 deep elf high priests
  An entropy weaver (shapeshifter) (D:14)
  29 vault guards
  5 ghost crabs
  3 spriggan air magi
  15 hydras
  A peacekeeper (Vaults:3)
  4 rakshasas
  10 centaur warriors
  4 salamander tyrants
  7 ice dragons
  2 catoblepae
  2 hell beasts (Pan)
  19 ironbound frosthearts
  6 ogre magi
  5 alligators (Swamp:1)
  18 two-headed ogres
  A fenstrider witch skeleton (Crypt:2)
  A boulder beetle (shapeshifter) (Depths:2)
  4 anacondas
  A death knight (D:12)
  5 boulder beetles
  A bennu zombie (Crypt:2)
  5 death yaks
  119 death scarabs
  9 deep troll earth magi
  8 deep troll shamans
  9 naga warriors
  6 shock serpents
  6 spriggan berserkers
  6 vampire magi
  6 tengu warriors
  15 soul eaters
  15 naga sharpshooters
  Urug (Lair:3)
  Sonja (Lair:3)
  7 deep elf knights
  7 spriggans
  38 sun demons
  A spectral death yak (Lair:5)
  10 sixfirhies
  11 hell knights
  Amaemon (D:11)
  5 goliath frogs
  10 salamander mystics
  3 shadow wraiths
  A spectral anaconda (Lair:5)
  40 skeletal warriors
  12 iron trolls
  9 swamp dragons
  5 flayed ghosts
  A shadow demon (Pan)
  84 deep trolls
  10 bog bodies
  A bunyip zombie (Tomb:3)
  5 glowing orange brains
  10 naga ritualists
  9 deep elf archers
  12 wizards
  An obsidian statue (Lair:5)
  5 spriggan druids
  3 orc knights
  18 lindwurms
  2 spectral hydras (Swamp:4)
  A shadow dragon zombie (Tomb:1)
  5 deep elf zephyrmancers
  Pikel (D:7)
  13 deep elf pyromancers
  12 harpies
  12 phantasmal warriors
  13 mana vipers
  20 ironbound convokers
  7 necromancers
  3 manticores
  A sphinx skeleton (Depths:3)
  4 orc sorcerers
  2 wolf spiders
  27 ugly things
  19 moths of wrath
  11 cyclopes
  3 oklob plants (Swamp:4)
  4 will-o-the-wisps
  A wolf spider (shapeshifter) (Vaults:4)
  17 salamanders
  A worldbinder (Gauntlet)
  A tengu skeleton (Depths:3)
  19 elephants
  Maurice (D:9)
  37 black mambas
  3 centaur zombies
  18 naga magi
  4 molten gargoyles
  An eleionoma skeleton (Crypt:1)
  2 guardian serpents
  19 orange demons
  A fire giant skeleton (Depths:3)
  7 rust devils
  25 vault sentinels
  An eye of devastation (shapeshifter) (Depths:3)
  9 smoke demons
  A centaur skeleton (D:15)
  9 cane toads
  A dire elephant skeleton (Tomb:1)
  A cane toad (shapeshifter) (D:13)
  3 gargoyles
  An unseen horror (D:10)
  A grey draconian zombie (Crypt:1)
  A demonic crawler (Pan)
  A rime drake (Lair:5)
  A kobold demonologist (D:13)
  An alligator snapping turtle skeleton (Crypt:3)
  7 freezing wraiths
  7 komodo dragons
  2 ice devils
  48 yaktaurs
  6 hellions (Pan)
  2 tormentors (Pan)
  4 hellwings
  A black draconian skeleton (Crypt:3)
  A tengu conjurer (Depths:1)
  43 guardian mummies
  4 efreet
  7 red devils
  11 trolls
  A sea snake skeleton (Crypt:1)
  3 harpy zombies
  9 tyrant leeches
  5 hydra zombies (Swamp:4)
  4 meliai
  2 bloated husks (Swamp:2)
  A polar bear (shapeshifter) (Vaults:5)
  14 blink frogs
  A slime creature (shapeshifter) (Depths:1)
  A death drake skeleton (Swamp:4)
  8 hornets
  A tarantella (shapeshifter) (Vaults:5)
  3 spectral elephants (Lair:5)
  5 dream sheep (Lair:4)
  3 hydra skeletons (Swamp:4)
  20 slime creatures
  A harpy skeleton (D:15)
  An ettin zombie (Tomb:3)
  21 flying skulls
  2 shadows (D:12)
  A dire elephant simulacrum (Lair:5)
  2 water elementals
  7 ynoxinuls (Pan)
  3 fire bats (Depths:3)
  12 large abominations
  4 wyverns
  A fire elemental (Depths:3)
  2 hogs (Snake:1)
  60 yaks
  4 ushabtiu
  12 wraiths
  4 basilisks
  26 humans
  5 steam dragons
  Grum (D:8)
  19 neqoxecs
  2 death yak simulacra (Lair:5)
  Menkaure (D:7)
  6 wargs
  A deep troll zombie (Tomb:2)
  40 nagas
  3 acid dragons
  11 chaos spawn (Pan)
  A spectral cane toad (Lair:5)
  13 swamp worms
  11 water moccasins
  A water nymph zombie (Crypt:3)
  A floating eye (shapeshifter) (Vaults:5)
  Duvessa (D:7)
  A floating eye (Depths:1)
  A glowing shapeshifter skeleton (Crypt:3)
  4 hydra simulacra (Swamp:4)
  A swamp dragon zombie (Swamp:4)
  6 swamp drakes
  A sky beast (D:8)
  23 orc warriors
  5 black bears
  A swamp dragon skeleton (Swamp:4)
  22 ogres
  A boggart (Gauntlet)
  A lindwurm skeleton (Crypt:2)
  20 wolves
  A snapping turtle skeleton (Crypt:2)
  8 centaurs
  A phantom (D:4)
  2 kobold brigands (D:13)
  10 bullfrogs
  A glowing shapeshifter simulacrum (Depths:3)
  4 necrophages
  4 small abominations (Gauntlet)
  A gnoll sergeant (D:11)
  2 cane toad simulacra (Lair:5)
  A draconian skeleton (Crypt:1)
  6 scorpions
  A water moccasin zombie (Crypt:1)
  9 wights
  A wyvern skeleton (Crypt:2)
  17 killer bees
  Dowan (D:7)
  A cyclops skeleton (Crypt:3)
  5 spriggan skeletons (D:10)
  A troll skeleton (D:10)
  4 electric eels
  A wolf zombie (Crypt:2)
  4 howler monkeys
  5 lava snakes (Lair:3)
  3 crimson imps (Pan)
  A hound (D:4)
  2 jellies (D:6)
  A gnoll bouda (D:4)
  13 orc priests
  Jessica (D:3)
  Ijyb (D:4)
  3 iguanas
  4 hell rats (Lair:2)
  20 orc wizards
  An ice beast zombie (Crypt:2)
  A naga skeleton (Crypt:3)
  A boggart simulacrum (D:14)
  36 mummies
  A howler monkey zombie (Crypt:2)
  Robin (D:3)
  9 adders
  13 gnolls
  2 howler monkey skeletons (Crypt:1)
  7 river rats (Lair:2)
  A shadow imp (D:8)
  2 iguana zombies (Crypt:1)
  4 dart slugs
  116 orcs
  9 ball pythons
  9 endoplasms
  2 giant cockroaches
  22 goblins
  5 hobgoblins
  4 jackals (D:4)
  5 quokkas
  A ball python zombie (Crypt:1)
  9 bats
  4 frilled lizards
  A hobgoblin zombie (D:6)
  A jackal zombie (D:6)
  10 kobolds
  11 rats
  A briar patch (Swamp:4)
2689 creatures vanquished.

Vanquished Creatures (collateral kills)
  A pandemonium lord (Pan)
  Mnoleg (Pan)
  A dread lich (Crypt:3)
  An ancient lich (Crypt:3)
  4 royal mummies
  Boris (Crypt:3)
  A Brimstone Fiend (Pan)
  A Hell Sentinel (Pan)
  A titan (Tomb:1)
  2 liches
  An ancient champion (Crypt:3)
  4 cacodemons (Pan)
  A curse skull (Crypt:3)
  A reaper (Pan)
  A ghoul (Crypt:3)
  A stone giant (Crypt:3)
  A bennu (Tomb:3)
  A yellow draconian (Crypt:3)
  9 mummy priests
  2 death knights (Crypt:3)
  4 death scarabs
  3 sun demons (Pan)
  A deep elf knight (Crypt:3)
  A soul eater (Pan)
  3 skeletal warriors (Crypt:3)
  A bog body (Crypt:3)
  5 deep elf archers
  A deep elf pyromancer (Tomb:1)
  A deep elf zephyrmancer (Tomb:1)
  3 orange demons (Pan)
  A hellion (Pan)
  7 guardian mummies
  3 flying skulls (Crypt:3)
  An ushabti (Tomb:2)
  A wraith (Crypt:3)
  A large abomination (Pan)
  A chaos spawn (Pan)
  8 mummies
  An iguana zombie (Crypt:3)
83 creatures vanquished.

Vanquished Creatures (others)
  A wizard (D:14)
  A bloated husk (Swamp:4)
  A sky beast (D:6)
  An ogre (Vaults:4)
  An orc (Orc:2)
  8 briar patches (Swamp:4)
  5 demonic plants
  29 foxfires
  30 fungi
  70 plants
  19 withered plants
166 creatures vanquished.

Grand Total: 2938 creatures vanquished

Notes
Turn   | Place    | Note
-------+----------+-------------------------------------------
     0 | D:1      | qw the Gargoyle Fighter began the quest for the Orb.
     0 | D:1      | Reached XP level 1. HP: 14/14 MP: 1/1
     0 | D:1      | 0 ||| qw: Version: 0.2-a-12-gaebbb33
     0 | D:1      | 0 ||| qw: Game counter: 1116
     0 | D:1      | 0 ||| qw: Always use a shield: true
     0 | D:1      | 0 ||| qw: God list: Okawaru
     0 | D:1      | 0 ||| qw: Allow faded altars: false
     0 | D:1      | 0 ||| qw: Do Orc after D:15 true
     0 | D:1      | 0 ||| qw: Do second Lair branch before Depths: true
     0 | D:1      | 0 ||| qw: Lair rune preference: random
     0 | D:1      | 0 ||| qw: Plans: Normal, Zot:1-4, God:TSO, Crypt, Tomb,
                  | Pan, Slime:5, Hells, Abyss, Orb
     0 | D:1      | 0 ||| PLANNING D:1-11
    50 | D:1      | Found Rikhyzis's Armour Boutique.
    68 | D:1      | 68 ||| SHOPLISTING +0 cloak (45 gold, have 8).
    68 | D:1      | 68 ||| SHOPLISTING +0 pair of boots (45 gold, have 8).
    97 | D:1      | Reached XP level 2. HP: 19/19 MP: 2/2
   117 | D:1      | Found a faded altar of an unknown god.
   123 | D:1      | 123 ||| Stepping ~*~*~tactically~*~*~ (stealth).
   131 | D:1      | 131 ||| Stepping ~*~*~tactically~*~*~ (stealth).
   234 | D:1      | 234 ||| Stepping ~*~*~tactically~*~*~ (stealth).
   476 | D:1      | Reached skill level 3 in Axes
   746 | D:1      | 746 ||| READING scroll labelled HAUNGO HOYBEY.
   747 | D:1      | 747 ||| READING scroll labelled EGI ORUAMIUK.
   748 | D:1      | 748 ||| DRINKING 2 smoky puce potions.
   749 | D:1      | 749 ||| DRINKING 2 puce potions.
   811 | D:2      | Reached XP level 3. HP: 23/23 MP: 3/3
   870 | D:2      | 870 ||| Stepping ~*~*~tactically~*~*~ (stealth).
   872 | D:2      | 872 ||| Stepping ~*~*~tactically~*~*~ (stealth).
   886 | D:2      | 886 ||| READING scroll labelled SEHESI ONODACW.
   887 | D:2      | 887 ||| Stepping randomly (stuck).
  1061 | D:2      | 1061 ||| Stepping ~*~*~tactically~*~*~ (hiding).
  1064 | D:2      | 1064 ||| Stepping ~*~*~tactically~*~*~ (hiding).
  1537 | D:2      | 1537 ||| Stepping ~*~*~tactically~*~*~ (hiding).
  1538 | D:2      | 1538 ||| Stepping ~*~*~tactically~*~*~ (hiding).
  1546 | D:2      | Reached XP level 4. HP: 22/28 MP: 4/4
  1613 | D:2      | 1613 ||| DROPPING +0 club.
  1747 | D:2      | 1747 ||| Stepping ~*~*~tactically~*~*~ (stealth).
  1997 | D:2      | 1997 ||| READING scroll labelled SIS BOSUMME.
  1998 | D:2      | 1998 ||| READING 2 scrolls labelled SEJYTU DOASKE.
  2005 | D:3      | 2005 ||| STAIRDANCE
  2009 | D:3      | 2009 ||| STAIRDANCE
  2096 | D:3      | Reached XP level 5. HP: 32/32 MP: 5/5
  2130 | D:3      | Found a radiant altar of Vehumet.
  2131 | D:3      | Found a shimmering altar of Xom.
  2133 | D:3      | Found a burning altar of Makhleb.
  2133 | D:3      | Found a sacrificial altar of Ru.
  2158 | D:3      | Identified the +2 helmet "Wedal" {+Blink}
  2158 | D:3      | Noticed Robin
  2159 | D:3      | Found an iron altar of Okawaru.
  2159 | D:3      | Found a hazy altar of Hepliaklqana.
  2160 | D:3      | 2160 ||| PLANNING OKAWARU WORSHIP
  2180 | D:3      | Killed Robin
  2243 | D:3      | Noticed Jessica
  2258 | D:3      | Killed Jessica
  2362 | D:3      | 2362 ||| DRINKING 2 green potions.
  2363 | D:3      | Found a snail-covered altar of Cheibriados.
  2371 | D:3      | Became a worshipper of Warmaster Okawaru
  2372 | D:3      | 2372 ||| PLANNING D:1-11
  2660 | D:3      | Identified the amulet of Ehollyob {Faith Str+2 Int+2 Dex-2
                  | Slay+5}
  2714 | D:3      | Found Bomiemicia's Assorted Antiques.
  2723 | D:3      | 2723 ||| BUYING coiled turquoise ring (160 gold).
  2723 | D:3      | Bought a coiled turquoise ring for 160 gold pieces
  2723 | D:3      | Identified the ring of Resouf {rC+ rCorr EV+4 Int+2 Dex+4}
                  | (You bought it in a shop on level 3 of the Dungeon)
  2723 | D:3      | 2723 ||| SHOPLISTING scroll labelled GOFUPPIPES (32 gold,
                  | have 16).
  2723 | D:3      | 2723 ||| SHOPLISTING scroll of enchant weapon (240 gold,
                  | have 16).
  3139 | D:3      | 3139 ||| UPGRADING to +2 helmet "Wedal" {+Blink}.
  3144 | D:3      | 3144 ||| UPGRADING to amulet of Ehollyob {Faith Str+2 Int+2
                  | Dex-2 Slay+5}.
  3149 | D:3      | 3149 ||| UPGRADING to ring of Resouf {rC+ rCorr EV+4 Int+2
                  | Dex+4}.
  3230 | D:4      | Reached skill level 1 in Dodging
  3230 | D:4      | Reached XP level 6. HP: 38/38 MP: 6/6
  3324 | D:4      | Found a glowing silver altar of Zin.
  3326 | D:4      | Found a glowing golden altar of the Shining One.
  3327 | D:4      | Found a white marble altar of Elyvilon.
  3454 | D:4      | Noticed a water elemental
  3456 | D:4      | Found a stormy altar of Qazlal.
  3459 | D:4      | Noticed a fire elemental
  3459 | D:4      | Noticed an air elemental
  3712 | D:4      | Noticed Ijyb
  3715 | D:4      | 3715 ||| DRINKING 4 potions of curing.
  3715 | D:4      | 3715 ||| (to cure confusion)
  3718 | D:4      | 3718 ||| DRINKING 3 potions of curing.
  3718 | D:4      | 3718 ||| (to cure confusion)
  3720 | D:4      | Killed Ijyb
  3733 | D:4      | Found a sparkling altar of Nemelex Xobeh.
  3826 | D:4      | Found a shimmering blue altar of Sif Muna.
  3833 | D:4      | Reached * piety under Okawaru
  3834 | D:4      | Reached skill level 6 in Axes
  3834 | D:4      | Reached XP level 7. HP: 43/43 MP: 7/7
  4021 | D:4      | Reached skill level 1 in Invocations
  4142 | D:4      | 4142 ||| READING scroll labelled ALOANU SUIXT.
  4183 | D:5      | Entered Level 5 of the Dungeon
  4271 | D:5      | 4271 ||| INVOKING Heroism.
  4278 | D:5      | Reached skill level 2 in Invocations
  4347 | D:5      | 4347 ||| INVOKING Heroism.
  4508 | D:5      | 4508 ||| INVOKING Heroism.
  4514 | D:5      | Reached skill level 3 in Invocations
  4677 | D:5      | Noticed a steam dragon
  4678 | D:5      | 4678 ||| INVOKING Heroism.
  4681 | D:5      | Killed a steam dragon
  4681 | D:5      | Reached ** piety under Okawaru
  4682 | D:5      | Reached XP level 8. HP: 48/48 MP: 7/10
  4685 | D:5      | Reached skill level 4 in Invocations
  4763 | D:5      | 4763 ||| INVOKING Heroism.
  4999 | D:5      | 4999 ||| READING scroll labelled PIGASK JIFOGIO.
  5026 | D:6      | 5026 ||| PLANNING OSSUARY
  5084 | D:6      | 5084 ||| DROPPING +0 whip.
  5087 | D:6      | 5087 ||| INVOKING Heroism.
  5303 | D:6      | Reached *** piety under Okawaru
  5454 | D:6      | 5454 ||| INVOKING Heroism.
  5531 | D:6      | Found a sand-covered staircase.
  5532 | D:6      | 5532 ||| FLEEEEING.
  5533 | D:6      | 5533 ||| FLEEEEING.
  5535 | D:6      | 5535 ||| FLEEEEING.
  5536 | D:6      | 5536 ||| FLEEEEING.
  5551 | D:6      | 5551 ||| FLEEEEING.
  5552 | D:6      | 5552 ||| FLEEEEING.
  5567 | D:6      | 5567 ||| FLEEEEING.
  5568 | D:6      | 5568 ||| FLEEEEING.
  5583 | D:6      | 5583 ||| FLEEEEING.
  5600 | D:6      | 5600 ||| FLEEEEING.
  5603 | D:6      | 5603 ||| FLEEEEING.
  5604 | D:6      | 5604 ||| FLEEEEING.
  5605 | D:6      | 5605 ||| FLEEEEING.
  5606 | D:6      | 5606 ||| FLEEEEING.
  5623 | D:6      | 5623 ||| FLEEEEING.
  5626 | D:6      | 5626 ||| FLEEEEING.
  5628 | D:6      | 5628 ||| RIP OSSUARY
  5629 | D:6      | 5629 ||| PLANNING D:1-11
  5644 | D:6      | Reached skill level 6 in Fighting
  5777 | D:6      | 5777 ||| SWAPPING to +0 broad axe.
  5788 | D:6      | 5788 ||| DROPPING +1 war axe of protection.
  6008 | D:6      | 6008 ||| UPGRADING to +0 chain mail.
  6018 | D:6      | 6018 ||| DROPPING +0 scale mail.
  6049 | D:7      | 6049 ||| INVOKING Heroism.
  6051 | D:7      | Reached skill level 1 in Throwing
  6052 | D:7      | Reached XP level 9. HP: 55/55 MP: 9/12
  6053 | D:7      | 6053 ||| STAIRDANCE
  6091 | D:6      | 6091 ||| DROPPING +0 flail.
  6140 | D:7      | 6140 ||| INVOKING Heroism.
  6259 | D:7      | Found an ornate altar of the Wu Jian Council.
  6304 | D:7      | 6304 ||| Stepping ~*~*~tactically~*~*~ (stealth).
  6309 | D:7      | 6309 ||| Stepping ~*~*~tactically~*~*~ (stealth).
  6315 | D:7      | 6315 ||| Stepping ~*~*~tactically~*~*~ (stealth).
  6320 | D:7      | 6320 ||| Stepping ~*~*~tactically~*~*~ (stealth).
  6321 | D:7      | 6321 ||| Stepping ~*~*~tactically~*~*~ (stealth).
  6342 | D:7      | Noticed Menkaure
  6343 | D:7      | 6343 ||| Stepping ~*~*~tactically~*~*~ (stealth).
  6353 | D:7      | 6353 ||| FLEEEEING.
  6354 | D:7      | 6354 ||| FLEEEEING.
  6359 | D:7      | 6359 ||| STAIRDANCE
  6410 | D:6      | 6410 ||| DROPPING ring of magical power.
  6411 | D:6      | 6411 ||| DRINKING 2 purple potions.
  6412 | D:6      | 6412 ||| DROPPING potion of flight.
  6418 | D:7      | 6418 ||| INVOKING Heroism.
  6421 | D:7      | Killed Menkaure
  6471 | D:7      | 6471 ||| INVOKING Heroism.
  6478 | D:7      | Reached skill level 9 in Axes
  6559 | D:7      | 6559 ||| Stepping ~*~*~tactically~*~*~ (hiding).
  6560 | D:7      | 6560 ||| Stepping ~*~*~tactically~*~*~ (hiding).
  6565 | D:7      | 6565 ||| INVOKING Heroism.
  6627 | D:7      | Found a staircase to the Ecumenical Temple.
  6645 | D:7      | 6645 ||| Stepping ~*~*~tactically~*~*~ (hiding).
  6648 | D:7      | 6648 ||| Stepping ~*~*~tactically~*~*~ (hiding).
  6657 | D:7      | 6657 ||| Stepping ~*~*~tactically~*~*~ (stealth).
  6659 | D:7      | 6659 ||| Stepping ~*~*~tactically~*~*~ (hiding).
  6661 | D:7      | 6661 ||| Stepping ~*~*~tactically~*~*~ (hiding).
  6691 | D:7      | Noticed Pikel
  6692 | D:7      | 6692 ||| Stepping ~*~*~tactically~*~*~ (stealth).
  6695 | D:7      | 6695 ||| INVOKING Heroism.
  6699 | D:7      | 6699 ||| Stepping ~*~*~tactically~*~*~ (stealth).
  6700 | D:7      | Killed Pikel
  6700 | D:7      | Reached **** piety under Okawaru
  6711 | D:7      | 6711 ||| Stepping ~*~*~tactically~*~*~ (hiding).
  6712 | D:7      | 6712 ||| Stepping ~*~*~tactically~*~*~ (hiding).
  6714 | D:7      | 6714 ||| Stepping ~*~*~tactically~*~*~ (hiding).
  7017 | D:7      | 7017 ||| INVOKING Heroism.
  7197 | D:7      | Noticed Duvessa
  7197 | D:7      | Noticed Dowan
  7198 | D:7      | 7198 ||| Stepping ~*~*~tactically~*~*~ (hiding).
  7199 | D:7      | 7199 ||| Stepping ~*~*~tactically~*~*~ (hiding).
  7201 | D:7      | 7201 ||| INVOKING Heroism.
  7208 | D:7      | Killed Duvessa
  7209 | D:7      | Reached skill level 5 in Invocations
  7209 | D:7      | Reached XP level 10. HP: 64/64 MP: 11/13
  7222 | D:7      | Killed Dowan
  7359 | D:7      | 7359 ||| UPGRADING to +0 pair of boots.
  7382 | D:8      | Noticed a +0 falchion
  7382 | D:8      | Noticed a +0 dagger
  7382 | D:8      | Noticed a +0 dagger
  7382 | D:8      | Noticed a +0 spear
  7382 | D:8      | Noticed a +0 spear
  7382 | D:8      | Noticed a +0 short sword
  7382 | D:8      | Noticed a +0 short sword
  7384 | D:8      | Noticed a +0 falchion
  7388 | D:8      | 7388 ||| READING 2 scrolls of teleportation.
  7518 | D:8      | Reached ***** piety under Okawaru
  7612 | D:8      | 7612 ||| READING scroll of teleportation.
  7615 | D:8      | 7615 ||| FLEEEEING.
  7630 | D:8      | 7630 ||| Stepping ~*~*~tactically~*~*~ (stealth).
  7631 | D:8      | 7631 ||| Stepping ~*~*~tactically~*~*~ (stealth).
  7632 | D:8      | 7632 ||| Stepping ~*~*~tactically~*~*~ (stealth).
  7633 | D:8      | 7633 ||| Stepping ~*~*~tactically~*~*~ (stealth).
  7636 | D:8      | 7636 ||| INVOKING Heroism.
  7657 | D:8      | Identified the +0 pair of boots of the Evening Star {rN++
                  | Str+2} (Okawaru gifted it to you on level 8 of the Dungeon)
  7657 | D:8      | Received a gift from Okawaru
  7680 | D:8      | Noticed Gastronok
  7681 | D:8      | 7681 ||| INVOKING Heroism.
  7696 | D:8      | Killed Gastronok
  7697 | D:8      | Reached skill level 6 in Armour
  7697 | D:8      | Reached skill level 6 in Invocations
  7915 | D:8      | Noticed Grum
  7916 | D:8      | 7916 ||| Stepping ~*~*~tactically~*~*~ (hiding).
  7917 | D:8      | 7917 ||| Stepping ~*~*~tactically~*~*~ (hiding).
  7921 | D:8      | Reached skill level 7 in Invocations
  7923 | D:8      | 7923 ||| INVOKING Heroism.
  7924 | D:8      | 7924 ||| INVOKING Finesse.
  7930 | D:8      | Killed Grum
  8233 | D:8      | Found a hide-covered altar of Uskayaw.
  8265 | D:8      | 8265 ||| Stepping ~*~*~tactically~*~*~ (hiding).
  8277 | D:8      | 8277 ||| INVOKING Heroism.
  8286 | D:8      | 8286 ||| Stepping ~*~*~tactically~*~*~ (stealth).
  8301 | D:8      | 8301 ||| Stepping ~*~*~tactically~*~*~ (stealth).
  8302 | D:8      | 8302 ||| Stepping ~*~*~tactically~*~*~ (stealth).
  8303 | D:8      | 8303 ||| Stepping ~*~*~tactically~*~*~ (stealth).
  8308 | D:8      | 8308 ||| Stepping ~*~*~tactically~*~*~ (stealth).
  8317 | D:8      | 8317 ||| Stepping ~*~*~tactically~*~*~ (stealth).
  8319 | D:8      | 8319 ||| Stepping ~*~*~tactically~*~*~ (stealth).
  8321 | D:8      | 8321 ||| INVOKING Heroism.
  8540 | D:8      | 8540 ||| UPGRADING to +0 pair of boots of the Evening Star
                  | {rN++ Str+2}.
  8550 | D:8      | 8550 ||| DROPPING +0 pair of boots.
  8551 | D:8      | 8551 ||| DROPPING +0 robe of resistance.
  8552 | D:8      | 8552 ||| UPGRADING to +0 plate armour.
  8562 | D:8      | 8562 ||| DROPPING +0 chain mail.
  8563 | D:8      | 8563 ||| UPGRADING to +6 ring of dexterity.
  8564 | D:8      | 8564 ||| DRINKING 2 pink potions.
  8565 | D:8      | 8565 ||| DROPPING potion of brilliance.
  8586 | D:9      | 8586 ||| STAIRDANCE
  8592 | D:9      | 8592 ||| STAIRDANCE
  8594 | D:9      | 8594 ||| STAIRDANCE
  8596 | D:9      | 8596 ||| STAIRDANCE
  8598 | D:8      | 8598 ||| INVOKING Heroism.
  8781 | D:9      | 8781 ||| STAIRDANCE
  8786 | D:9      | 8786 ||| STAIRDANCE
  8792 | D:8      | Reached skill level 8 in Invocations
  8823 | D:9      | 8823 ||| STAIRDANCE
  8888 | D:9      | 8888 ||| Stepping ~*~*~tactically~*~*~ (hiding).
  8895 | D:9      | 8895 ||| INVOKING Heroism.
  8957 | D:9      | 8957 ||| Stepping ~*~*~tactically~*~*~ (stealth).
  8958 | D:9      | 8958 ||| Stepping ~*~*~tactically~*~*~ (stealth).
  8960 | D:9      | 8960 ||| Stepping ~*~*~tactically~*~*~ (stealth).
  8971 | D:9      | 8971 ||| INVOKING Heroism.
  9083 | D:9      | 9083 ||| INVOKING Heroism.
  9134 | D:9      | 9134 ||| Stepping ~*~*~tactically~*~*~ (hiding).
  9137 | D:9      | 9137 ||| INVOKING Heroism.
  9140 | D:9      | Reached XP level 11. HP: 55/68 MP: 14/17
  9140 | D:9      | 9140 ||| Stepping ~*~*~tactically~*~*~ (cloud).
  9272 | D:9      | Noticed Maurice
  9280 | D:9      | 9280 ||| Stepping ~*~*~tactically~*~*~ (hiding).
  9289 | D:9      | Killed Maurice
  9290 | D:9      | Reached skill level 3 in Throwing
  9337 | D:9      | Reached skill level 9 in Invocations
  9470 | D:9      | 9470 ||| INVOKING Heroism.
  9571 | D:9      | 9571 ||| INVOKING Heroism.
  9572 | D:9      | 9572 ||| Stepping ~*~*~tactically~*~*~ (cloud).
  9853 | D:9      | 9853 ||| INVOKING Heroism.
  9857 | D:9      | Received a gift from Okawaru
 10030 | D:9      | 10030 ||| UPGRADING to +0 cloak.
 10035 | D:9      | 10035 ||| UPGRADING to +2 cloak of preservation.
 10045 | D:9      | 10045 ||| DROPPING +0 cloak.
 10046 | D:9      | 10046 ||| UPGRADING to +4 ring of evasion.
 10048 | D:9      | 10048 ||| DROPPING +6 ring of dexterity.
 10049 | D:9      | 10049 ||| READING scroll labelled GOFUPPIPES.
 10050 | D:9      | 10050 ||| READING scroll labelled ZAR TYWNIPEPUE.
 10051 | D:9      | 10051 ||| READING 2 scrolls of identify.
 10051 | D:9      | 10051 ||| IDENTIFYING fizzy yellow potion
 10084 | D:10     | Entered Level 10 of the Dungeon
 10139 | D:10     | 10139 ||| INVOKING Heroism.
 10154 | D:10     | Identified the +1 chain mail of Liberty {rN+ SInv}
 10279 | D:10     | 10279 ||| Stepping ~*~*~tactically~*~*~ (stealth).
 10286 | D:10     | 10286 ||| Stepping ~*~*~tactically~*~*~ (stealth).
 10312 | D:10     | 10312 ||| Stepping ~*~*~tactically~*~*~ (stealth).
 10404 | D:10     | Reached skill level 10 in Invocations
 10458 | D:10     | 10458 ||| INVOKING Heroism.
 10504 | D:10     | 10504 ||| DROPPING +0 morningstar.
 10560 | D:10     | 10560 ||| INVOKING Heroism.
 10586 | D:10     | Found a staircase to the Lair.
 10658 | D:10     | 10658 ||| Stepping ~*~*~tactically~*~*~ (stealth).
 10671 | D:10     | 10671 ||| Stepping ~*~*~tactically~*~*~ (stealth).
 11007 | D:10     | 11007 ||| PLANNING LAIR
 11007 | D:10     | 11007 ||| UPGRADING to +1 chain mail of Liberty {rN+ SInv}.
 11017 | D:10     | 11017 ||| DROPPING +6 ring of strength.
 11018 | D:10     | 11018 ||| READING scroll labelled FUSTRI YT CIOTA.
 11019 | D:10     | 11019 ||| READING scroll labelled NETYSI RUURI.
 11094 | Lair:1   | Entered Level 1 of the Lair of Beasts
 11103 | Lair:1   | 11103 ||| INVOKING Heroism.
 11149 | Lair:1   | 11149 ||| INVOKING Heroism.
 11164 | Lair:1   | Reached skill level 9 in Fighting
 11318 | Lair:1   | 11318 ||| INVOKING Heroism.
 11322 | Lair:1   | Received a gift from Okawaru
 11329 | Lair:1   | Reached XP level 12. HP: 76/76 MP: 17/19
 11353 | Lair:1   | 11353 ||| INVOKING Heroism.
 11357 | Lair:1   | Received a gift from Okawaru
 11372 | Lair:1   | Reached skill level 12 in Axes
 11421 | Lair:1   | 11421 ||| INVOKING Heroism.
 11467 | Lair:1   | Reached skill level 6 in Shields
 11522 | Lair:1   | Reached ****** piety under Okawaru
 11643 | Lair:1   | Found a runed translucent gate.
 11643 | Lair:1   | Found a runed translucent gate.
 11643 | Lair:1   | Found a runed translucent gate.
 11646 | Lair:1   | Noticed a 12-headed hydra
 11646 | Lair:1   | Noticed qw's ghost (journeyman GrFi)
 11682 | Lair:1   | Identified the +7 chain mail "Dozamn" {-Tele Rampage Str+8
                  | Int-3}
 11829 | Lair:1   | Received a gift from Okawaru
 11841 | Lair:1   | 11841 ||| SWAPPING to +4 antimagic broad axe.
 11842 | Lair:1   | 11842 ||| DROPPING +0 broad axe.
 12018 | Lair:1   | 12018 ||| DROPPING scarf of harm.
 12019 | Lair:1   | 12019 ||| READING scroll labelled NOHUOXZORIR.
 12020 | Lair:1   | 12020 ||| READING scroll labelled ENLESHEHEHA.
 12021 | Lair:1   | 12021 ||| READING 2 scrolls of identify.
 12021 | Lair:1   | 12021 ||| IDENTIFYING sapphire potion
 12022 | Lair:1   | 12022 ||| DROPPING potion of berserk rage.
 12049 | Lair:2   | 12049 ||| STAIRDANCE
 12176 | Lair:2   | 12176 ||| Stepping ~*~*~tactically~*~*~ (stealth).
 12191 | Lair:2   | 12191 ||| Stepping ~*~*~tactically~*~*~ (stealth).
 12192 | Lair:2   | 12192 ||| Stepping ~*~*~tactically~*~*~ (stealth).
 12234 | Lair:2   | Noticed a boulder beetle
 12235 | Lair:2   | 12235 ||| INVOKING Heroism.
 12246 | Lair:2   | 12246 ||| INVOKING Finesse.
 12249 | Lair:2   | Killed a boulder beetle
 12253 | Lair:2   | 12253 ||| FLEEEEING.
 12254 | Lair:2   | 12254 ||| FLEEEEING.
 12258 | Lair:2   | 12258 ||| Stepping ~*~*~tactically~*~*~ (stealth).
 12320 | Lair:2   | 12320 ||| Stepping ~*~*~tactically~*~*~ (stealth).
 12321 | Lair:2   | 12321 ||| INVOKING Heroism.
 12466 | Lair:2   | 12466 ||| INVOKING Heroism.
 12469 | Lair:2   | Received a gift from Okawaru
 12487 | Lair:2   | 12487 ||| Stepping ~*~*~tactically~*~*~ (stealth).
 12512 | Lair:2   | Found an ancient bone altar of Kikubaaqudgha.
 12515 | Lair:2   | 12515 ||| Stepping ~*~*~tactically~*~*~ (stealth).
 12528 | Lair:2   | 12528 ||| Stepping ~*~*~tactically~*~*~ (stealth).
 12530 | Lair:2   | 12530 ||| INVOKING Heroism.
 12584 | Lair:2   | You fall into a shaft and drop 2 floors!
 12584 | Lair:4   | Noticed a death yak
 12585 | Lair:4   | 12585 ||| INVOKING Finesse.
 12585 | Lair:4   | Noticed a death yak
 12588 | Lair:4   | Noticed a death yak
 12593 | Lair:4   | Noticed a death yak
 12602 | Lair:4   | 12602 ||| INVOKING Heroism.
 12604 | Lair:4   | Killed a death yak
 12604 | Lair:4   | Received a gift from Okawaru
 12607 | Lair:4   | Killed a death yak
 12610 | Lair:4   | Killed a death yak
 12610 | Lair:4   | Received a gift from Okawaru
 12614 | Lair:4   | Killed a death yak
 12935 | Lair:4   | 12935 ||| Stepping ~*~*~tactically~*~*~ (stealth).
 12936 | Lair:4   | 12936 ||| Stepping ~*~*~tactically~*~*~ (stealth).
 12938 | Lair:4   | 12938 ||| READING 2 scrolls of identify.
 12938 | Lair:4   | 12938 ||| IDENTIFYING orange potion
 12939 | Lair:4   | 12939 ||| DROPPING potion of invisibility.
 12948 | Lair:3   | Found a staircase to the Snake Pit.
 12950 | Lair:3   | 12950 ||| Stepping ~*~*~tactically~*~*~ (stealth).
 12953 | Lair:3   | Received a gift from Okawaru
 12954 | Lair:3   | Reached skill level 3 in Dodging
 12957 | Lair:3   | 12957 ||| INVOKING Heroism.
 13040 | Lair:3   | 13040 ||| INVOKING Heroism.
 13048 | Lair:3   | Received a gift from Okawaru
 13049 | Lair:3   | Reached XP level 13. HP: 56/82 MP: 4/20
 13181 | Lair:3   | 13181 ||| INVOKING Heroism.
 13364 | Lair:3   | 13364 ||| READING 2 scrolls of identify.
 13364 | Lair:3   | 13364 ||| IDENTIFYING smoky blue potion
 13371 | Lair:2   | 13371 ||| INVOKING Heroism.
 13500 | Lair:2   | 13500 ||| INVOKING Heroism.
 13639 | Lair:2   | Found a staircase to the Swamp.
 14494 | Lair:3   | Noticed Urug
 14495 | Lair:3   | 14495 ||| INVOKING Heroism.
 14500 | Lair:3   | Killed Urug
 14662 | Lair:3   | Noticed Josephine
 14666 | Lair:3   | 14666 ||| INVOKING Heroism.
 14673 | Lair:3   | Killed Josephine
 14673 | Lair:3   | Received a gift from Okawaru
 14674 | Lair:3   | Reached skill level 9 in Armour
 14691 | Lair:3   | 14691 ||| DROPPING +1 war axe of venom.
 14826 | Lair:3   | Noticed Sonja
 14827 | Lair:3   | 14827 ||| Stepping ~*~*~tactically~*~*~ (hiding).
 14829 | Lair:3   | 14829 ||| INVOKING Finesse.
 14837 | Lair:3   | Killed Sonja
 14915 | Lair:3   | 14915 ||| INVOKING Heroism.
 15014 | Lair:3   | 15014 ||| DROPPING +1 helmet.
 15015 | Lair:3   | 15015 ||| DRINKING 2 clear potions.
 15045 | Lair:3   | 15045 ||| READING 2 scrolls of identify.
 15045 | Lair:3   | 15045 ||| IDENTIFYING fizzy purple potion
 15192 | Lair:4   | 15192 ||| INVOKING Heroism.
 15370 | Lair:4   | 15370 ||| INVOKING Heroism.
 15382 | Lair:4   | 15382 ||| INVOKING Finesse.
 15385 | Lair:4   | Identified the +4 pair of gloves of the Solstice {Str+7}
                  | (Okawaru gifted it to you on level 4 of the Lair of Beasts)
 15385 | Lair:4   | Received a gift from Okawaru
 15450 | Lair:4   | 15450 ||| INVOKING Heroism.
 15540 | Lair:4   | 15540 ||| Stepping ~*~*~tactically~*~*~ (stealth).
 15542 | Lair:4   | 15542 ||| INVOKING Heroism.
 15543 | Lair:4   | 15543 ||| SWAPPING to +5 morningstar.
 15550 | Lair:4   | 15550 ||| INVOKING Finesse.
 15555 | Lair:4   | 15555 ||| SWAPPING to +4 antimagic broad axe.
 15748 | Lair:4   | 15748 ||| Stepping ~*~*~tactically~*~*~ (stealth).
 15776 | Lair:4   | 15776 ||| Stepping ~*~*~tactically~*~*~ (hiding).
 16050 | Lair:4   | 16050 ||| UPGRADING to +4 pair of gloves of the Solstice
                  | {Str+7}.
 16055 | Lair:4   | 16055 ||| READING 3 scrolls of identify.
 16055 | Lair:4   | 16055 ||| IDENTIFYING bubbling sapphire potion
 16056 | Lair:4   | 16056 ||| READING 2 scrolls of identify.
 16056 | Lair:4   | 16056 ||| IDENTIFYING white potion
 16078 | Lair:5   | Entered Level 5 of the Lair of Beasts
 16080 | Lair:5   | 16080 ||| INVOKING Heroism.
 16082 | Lair:5   | 16082 ||| SWAPPING to +5 morningstar.
 16088 | Lair:5   | 16088 ||| INVOKING Finesse.
 16090 | Lair:5   | 16090 ||| SWAPPING to +4 antimagic broad axe.
 16101 | Lair:5   | 16101 ||| Stepping ~*~*~tactically~*~*~ (stealth).
 16106 | Lair:5   | 16106 ||| Stepping ~*~*~tactically~*~*~ (hiding).
 16113 | Lair:5   | 16113 ||| INVOKING Heroism.
 16138 | Lair:5   | Reached skill level 15 in Axes
 16207 | Lair:5   | Gained mutation: Your large and strong wings let you fly.
                  | [Gargoyle growth]
 16207 | Lair:5   | Reached XP level 14. HP: 90/90 MP: 7/21
 16295 | Lair:5   | 16295 ||| Stepping ~*~*~tactically~*~*~ (stealth).
 16300 | Lair:5   | 16300 ||| INVOKING Heroism.
 16508 | Lair:5   | 16508 ||| INVOKING Heroism.
 16616 | Lair:5   | Noticed a dire elephant
 16616 | Lair:5   | Noticed a dire elephant
 16617 | Lair:5   | 16617 ||| INVOKING Heroism.
 16617 | Lair:5   | Noticed a dire elephant
 16617 | Lair:5   | Noticed a dire elephant
 16618 | Lair:5   | 16618 ||| Stepping ~*~*~tactically~*~*~ (stealth).
 16619 | Lair:5   | 16619 ||| INVOKING Finesse.
 16632 | Lair:5   | Killed a dire elephant
 16639 | Lair:5   | Killed a dire elephant
 16820 | Lair:5   | 16820 ||| INVOKING Heroism.
 16821 | Lair:5   | 16821 ||| INVOKING Finesse.
 16827 | Lair:5   | 16827 ||| Stepping ~*~*~tactically~*~*~ (hiding).
 16828 | Lair:5   | 16828 ||| Stepping ~*~*~tactically~*~*~ (hiding).
 16829 | Lair:5   | 16829 ||| Stepping ~*~*~tactically~*~*~ (hiding).
 16841 | Lair:5   | 16841 ||| Stepping ~*~*~tactically~*~*~ (hiding).
 16898 | Lair:5   | 16898 ||| INVOKING Heroism.
 16899 | Lair:5   | 16899 ||| INVOKING Finesse.
 17067 | Lair:5   | 17067 ||| INVOKING Heroism.
 17073 | Lair:5   | Received a gift from Okawaru
 17074 | Lair:5   | Reached skill level 12 in Fighting
 17074 | Lair:5   | 17074 ||| Stepping ~*~*~tactically~*~*~ (hiding).
 17084 | Lair:5   | Killed a dire elephant
 17095 | Lair:5   | Killed a dire elephant
 17263 | Lair:5   | Received a gift from Okawaru
 17309 | Lair:5   | 17309 ||| Stepping ~*~*~tactically~*~*~ (hiding).
 17310 | Lair:5   | 17310 ||| Stepping ~*~*~tactically~*~*~ (hiding).
 17311 | Lair:5   | 17311 ||| Stepping ~*~*~tactically~*~*~ (hiding).
 17588 | Lair:5   | Noticed a dire elephant
 17589 | Lair:5   | 17589 ||| INVOKING Heroism.
 17596 | Lair:5   | 17596 ||| Stepping ~*~*~tactically~*~*~ (stealth).
 17601 | Lair:5   | Killed a dire elephant
 17603 | Lair:5   | 17603 ||| Stepping ~*~*~tactically~*~*~ (stealth).
 17650 | Lair:5   | 17650 ||| Stepping ~*~*~tactically~*~*~ (hiding).
 17654 | Lair:5   | 17654 ||| INVOKING Heroism.
 17758 | Lair:5   | Identified the ring "Mofial" {rPois rF+ Will+ Str+4}
 17786 | Lair:5   | 17786 ||| INVOKING Heroism.
 17892 | Lair:5   | Found a viscous altar of Jiyva.
 17896 | Lair:5   | Found a staircase to the Slime Pits.
 18066 | Lair:5   | 18066 ||| PLANNING D:1-11
 18066 | Lair:5   | 18066 ||| UPGRADING to +1 buckler of protection.
 18076 | Lair:5   | 18076 ||| DROPPING +0 buckler.
 18077 | Lair:5   | 18077 ||| UPGRADING to ring "Mofial" {rPois rF+ Will+
                  | Str+4}.
 18079 | Lair:5   | 18079 ||| READING scroll labelled JEIVOSHR TUPOKO.
 18080 | Lair:5   | 18080 ||| READING scroll labelled FUG QAESARIBUPO.
 18245 | D:11     | 18245 ||| Stepping ~*~*~tactically~*~*~ (hiding).
 18248 | D:11     | 18248 ||| INVOKING Heroism.
 18284 | D:11     | Identified the +10 dagger "Neykae" {drain, Int+7}
 18323 | D:11     | Noticed Amaemon
 18324 | D:11     | 18324 ||| Stepping ~*~*~tactically~*~*~ (hiding).
 18334 | D:11     | Killed Amaemon
 18368 | D:11     | 18368 ||| DROPPING +5 morningstar.
 18464 | D:11     | 18464 ||| Stepping ~*~*~tactically~*~*~ (hiding).
 18590 | D:11     | 18590 ||| INVOKING Heroism.
 18591 | D:11     | 18591 ||| INVOKING Finesse.
 18846 | D:11     | 18846 ||| FLEEEEING.
 18847 | D:11     | 18847 ||| FLEEEEING.
 18848 | D:11     | 18848 ||| FLEEEEING.
 19024 | D:11     | 19024 ||| PLANNING D
 19270 | D:12     | Found a staircase to the Orcish Mines.
 19340 | D:12     | 19340 ||| INVOKING Heroism.
 19344 | D:12     | Received a gift from Okawaru
 19471 | D:12     | 19471 ||| SWAPPING to +4 broad axe of electrocution.
 19472 | D:12     | 19472 ||| DROPPING +4 antimagic broad axe.
 19837 | D:12     | 19837 ||| Stepping ~*~*~tactically~*~*~ (hiding).
 19847 | D:12     | 19847 ||| Stepping ~*~*~tactically~*~*~ (hiding).
 19906 | D:12     | 19906 ||| Stepping ~*~*~tactically~*~*~ (hiding).
 19908 | D:12     | 19908 ||| Stepping ~*~*~tactically~*~*~ (hiding).
 19909 | D:12     | 19909 ||| Stepping ~*~*~tactically~*~*~ (hiding).
 20140 | D:13     | Noticed Rupert
 20140 | D:13     | Found a gate to the Vaults.
 20141 | D:13     | 20141 ||| INVOKING Heroism.
 20142 | D:13     | 20142 ||| STAIRDANCE
 20155 | D:13     | 20155 ||| STAIRDANCE
 20160 | D:12     | 20160 ||| INVOKING Heroism.
 20162 | D:12     | Reached XP level 15. HP: 93/96 MP: 19/22
 20179 | D:13     | 20179 ||| STAIRDANCE
 20181 | D:12     | 20181 ||| INVOKING Finesse.
 20184 | D:12     | Killed Rupert
 20219 | D:13     | 20219 ||| STAIRDANCE
 20258 | D:13     | 20258 ||| STAIRDANCE
 20265 | D:13     | 20265 ||| STAIRDANCE
 20271 | D:12     | 20271 ||| INVOKING Heroism.
 20280 | D:12     | HP: 18/96 [phantasmal warrior[a death knight] (12)]
 20281 | D:12     | 20281 ||| READING 6 scrolls of teleportation.
 20282 | D:12     | 20282 ||| DRINKING 6 potions of heal wounds.
 20581 | D:12     | 20581 ||| Stepping ~*~*~tactically~*~*~ (stealth).
 20582 | D:12     | 20582 ||| Stepping ~*~*~tactically~*~*~ (stealth).
 20583 | D:12     | 20583 ||| Stepping ~*~*~tactically~*~*~ (stealth).
 20585 | D:12     | 20585 ||| Stepping ~*~*~tactically~*~*~ (hiding).
 20587 | D:12     | 20587 ||| Stepping ~*~*~tactically~*~*~ (hiding).
 20588 | D:12     | 20588 ||| Stepping ~*~*~tactically~*~*~ (hiding).
 20719 | D:13     | 20719 ||| STAIRDANCE
 20772 | D:13     | 20772 ||| STAIRDANCE
 20868 | D:13     | 20868 ||| STAIRDANCE
 20870 | D:12     | 20870 ||| INVOKING Heroism.
 20872 | D:12     | Received a gift from Okawaru
 21008 | D:13     | 21008 ||| STAIRDANCE
 21049 | D:13     | 21049 ||| INVOKING Heroism.
 21064 | D:13     | HP: 16/97 [meliai/divine providence (13)]
 21065 | D:13     | 21065 ||| READING 5 scrolls of teleportation.
 21065 | D:13     | HP: 3/97 [meliai/divine providence (14)]
 21065 | D:13     | HP: 1/97 [meliai/+0 hand axe (2)]
 21066 | D:13     | 21066 ||| DRINKING 5 potions of heal wounds.
 21067 | D:13     | 21067 ||| DRINKING 4 potions of heal wounds.
 21068 | D:13     | 21068 ||| DRINKING 3 potions of heal wounds.
 21070 | D:13     | 21070 ||| DRINKING 2 potions of heal wounds.
 21383 | D:13     | 21383 ||| Stepping ~*~*~tactically~*~*~ (hiding).
 21384 | D:13     | 21384 ||| Stepping ~*~*~tactically~*~*~ (hiding).
 21385 | D:13     | 21385 ||| Stepping ~*~*~tactically~*~*~ (hiding).
 21522 | D:13     | You are sucked into a shaft and drop 2 floors!
 21522 | D:15     | Entered Level 15 of the Dungeon
 21535 | D:14     | 21535 ||| INVOKING Heroism.
 21736 | D:14     | 21736 ||| Stepping ~*~*~tactically~*~*~ (hiding).
 21741 | D:14     | 21741 ||| Stepping ~*~*~tactically~*~*~ (hiding).
 21817 | D:13     | 21817 ||| INVOKING Heroism.
 21875 | D:13     | Found a runed translucent door.
 21878 | D:13     | Noticed Xuta's ghost (journeyman FoFi)
 21880 | D:13     | 21880 ||| Stepping ~*~*~tactically~*~*~ (stealth).
 21884 | D:13     | 21884 ||| Stepping ~*~*~tactically~*~*~ (stealth).
 22017 | D:13     | Found a corrupted altar of Lugonu.
 22156 | D:13     | 22156 ||| Stepping ~*~*~tactically~*~*~ (stealth).
 22596 | D:14     | 22596 ||| INVOKING Heroism.
 22607 | D:14     | Identified the +1 scale mail of the Invisible Lies {Harm
                  | Str+7 Int-2 Dex-4} (Okawaru gifted it to you on level 14 of
                  | the Dungeon)
 22607 | D:14     | Received a gift from Okawaru
 22631 | D:14     | 22631 ||| Stepping ~*~*~tactically~*~*~ (stealth).
 22717 | D:14     | 22717 ||| INVOKING Heroism.
 22718 | D:14     | 22718 ||| INVOKING Finesse.
 22723 | D:14     | 22723 ||| SWAPPING to +0 demon whip of venom.
 22741 | D:14     | Reached skill level 6 in Throwing
 22741 | D:14     | 22741 ||| SWAPPING to +4 broad axe of electrocution.
 22978 | D:14     | 22978 ||| FLEEEEING.
 22979 | D:14     | 22979 ||| FLEEEEING.
 22980 | D:14     | 22980 ||| FLEEEEING.
 22981 | D:14     | 22981 ||| FLEEEEING.
 22986 | D:14     | 22986 ||| FLEEEEING.
 22987 | D:14     | 22987 ||| FLEEEEING.
 23006 | D:14     | 23006 ||| FLEEEEING.
 23178 | D:14     | 23178 ||| Stepping ~*~*~tactically~*~*~ (hiding).
 23382 | D:14     | Noticed a fire giant
 23383 | D:14     | 23383 ||| Stepping ~*~*~tactically~*~*~ (hiding).
 23386 | D:14     | 23386 ||| INVOKING Heroism.
 23395 | D:14     | Killed a fire giant
 23424 | D:14     | Noticed a sphinx
 23425 | D:14     | 23425 ||| Stepping ~*~*~tactically~*~*~ (stealth).
 23429 | D:14     | 23429 ||| Stepping ~*~*~tactically~*~*~ (stealth).
 23433 | D:14     | Paralysed by a sphinx for 5 turns
 23437 | D:14     | Noticed a sphinx
 23441 | D:14     | 23441 ||| INVOKING Heroism.
 23447 | D:14     | Killed a sphinx
 23450 | D:14     | Killed a sphinx
 23481 | D:14     | Noticed a storm dragon
 23482 | D:14     | 23482 ||| Stepping ~*~*~tactically~*~*~ (stealth).
 23583 | D:14     | 23583 ||| FLEEEEING.
 23584 | D:14     | 23584 ||| FLEEEEING.
 23585 | D:14     | 23585 ||| FLEEEEING.
 23586 | D:14     | 23586 ||| FLEEEEING.
 23591 | D:14     | 23591 ||| INVOKING Heroism.
 23592 | D:14     | 23592 ||| INVOKING Finesse.
 24009 | D:15     | 24009 ||| INVOKING Heroism.
 24217 | D:15     | 24217 ||| Stepping ~*~*~tactically~*~*~ (hiding).
 24418 | D:15     | 24418 ||| Stepping ~*~*~tactically~*~*~ (hiding).
 24572 | D:15     | 24572 ||| Stepping ~*~*~tactically~*~*~ (hiding).
 24573 | D:15     | 24573 ||| Stepping ~*~*~tactically~*~*~ (hiding).
 24576 | D:15     | 24576 ||| INVOKING Heroism.
 24579 | D:15     | Reached skill level 18 in Axes
 24580 | D:15     | Reached XP level 16. HP: 93/104 MP: 20/23
 24593 | D:15     | 24593 ||| Stepping ~*~*~tactically~*~*~ (stealth).
 24594 | D:15     | 24594 ||| Stepping ~*~*~tactically~*~*~ (stealth).
 24635 | D:15     | Received a gift from Okawaru
 24664 | D:15     | Found a staircase to the Depths.
 24706 | D:15     | 24706 ||| INVOKING Heroism.
 24717 | D:15     | Received a gift from Okawaru
 24723 | D:15     | 24723 ||| READING scroll of enchant weapon.
 24723 | D:15     | 24723 ||| ENCHANTING +4 broad axe of electrocution.
 24810 | D:15     | 24810 ||| Stepping ~*~*~tactically~*~*~ (stealth).
 24855 | D:15     | 24855 ||| INVOKING Heroism.
 24866 | D:15     | Reached skill level 9 in Shields
 24872 | D:15     | Received a gift from Okawaru
 25030 | D:15     | 25030 ||| PLANNING ORC
 25030 | D:15     | 25030 ||| DRINKING 2 glowing emerald potions.
 25131 | D:15     | 25131 ||| DROPPING potion of ambrosia.
 25270 | Orc:1    | Entered Level 1 of the Orcish Mines
 25271 | Orc:1    | 25271 ||| INVOKING Heroism.
 25363 | Orc:1    | 25363 ||| Stepping ~*~*~tactically~*~*~ (stealth).
 25364 | Orc:1    | 25364 ||| Stepping ~*~*~tactically~*~*~ (stealth).
 25365 | Orc:1    | 25365 ||| Stepping ~*~*~tactically~*~*~ (stealth).
 25371 | Orc:1    | 25371 ||| Stepping ~*~*~tactically~*~*~ (stealth).
 25372 | Orc:1    | 25372 ||| Stepping ~*~*~tactically~*~*~ (stealth).
 25373 | Orc:1    | 25373 ||| Stepping ~*~*~tactically~*~*~ (stealth).
 25374 | Orc:1    | 25374 ||| Stepping ~*~*~tactically~*~*~ (stealth).
 25375 | Orc:1    | 25375 ||| Stepping ~*~*~tactically~*~*~ (stealth).
 25381 | Orc:1    | 25381 ||| INVOKING Heroism.
 25561 | Orc:1    | 25561 ||| Stepping ~*~*~tactically~*~*~ (stealth).
 25562 | Orc:1    | 25562 ||| Stepping ~*~*~tactically~*~*~ (stealth).
 25567 | Orc:1    | 25567 ||| Stepping ~*~*~tactically~*~*~ (stealth).
 25681 | Orc:2    | Entered Level 2 of the Orcish Mines
 25681 | Orc:2    | Found a gate leading to a gauntlet.
 25682 | Orc:2    | 25682 ||| PLANNING GAUNTLET
 25682 | Orc:2    | 25682 ||| INVOKING Heroism.
 25693 | Orc:2    | Received a gift from Okawaru
 25732 | Gauntlet | Entered a Gauntlet
 25732 | Gauntlet | Found a transporter.
 25732 | Gauntlet | Found a transporter.
 25732 | Gauntlet | Found a transporter.
 25758 | Gauntlet | Found a transporter.
 25768 | Gauntlet | Found a transporter.
 25770 | Gauntlet | Found a transporter.
 25780 | Gauntlet | Found a transporter.
 25800 | Gauntlet | Found a transporter.
 25815 | Gauntlet | Found a transporter.
 25818 | Gauntlet | Found a transporter.
 25826 | Gauntlet | Found a transporter.
 25829 | Gauntlet | Found a transporter.
 25896 | Gauntlet | 25896 ||| INVOKING Heroism.
 25921 | Gauntlet | 25921 ||| Stepping randomly (stuck).
 25922 | Gauntlet | 25922 ||| Stepping randomly (stuck).
 25923 | Gauntlet | 25923 ||| Stepping randomly (stuck).
 25924 | Gauntlet | 25924 ||| Stepping randomly (stuck).
 25935 | Gauntlet | 25935 ||| INVOKING Finesse.
 26004 | Gauntlet | Identified the amulet "Vezipp" {Fragile rN+++ Regen+ Int+3}
 26005 | Gauntlet | 26005 ||| Stepping ~*~*~tactically~*~*~ (stealth).
 26007 | Gauntlet | 26007 ||| Stepping ~*~*~tactically~*~*~ (hiding).
 26009 | Gauntlet | 26009 ||| INVOKING Heroism.
 26018 | Gauntlet | Received a gift from Okawaru
 26107 | Orc:2    | 26107 ||| PLANNING ORC
 26166 | Orc:2    | Found a staircase to the Elven Halls.
 26205 | Orc:2    | Found Zowkoa's Antique Armour Shoppe.
 26211 | Orc:2    | 26211 ||| Stepping ~*~*~tactically~*~*~ (stealth).
 26212 | Orc:2    | 26212 ||| Stepping ~*~*~tactically~*~*~ (stealth).
 26213 | Orc:2    | 26213 ||| Stepping ~*~*~tactically~*~*~ (stealth).
 26214 | Orc:2    | 26214 ||| Stepping ~*~*~tactically~*~*~ (stealth).
 26221 | Orc:2    | 26221 ||| INVOKING Heroism.
 26261 | Orc:2    | Reached skill level 12 in Armour
 26262 | Orc:2    | 26262 ||| INVOKING Heroism.
 26322 | Orc:2    | 26322 ||| FLEEEEING.
 26324 | Orc:2    | 26324 ||| FLEEEEING.
 26325 | Orc:2    | 26325 ||| FLEEEEING.
 26326 | Orc:2    | 26326 ||| FLEEEEING.
 26328 | Orc:2    | 26328 ||| FLEEEEING.
 26329 | Orc:2    | 26329 ||| FLEEEEING.
 26331 | Orc:2    | 26331 ||| FLEEEEING.
 26332 | Orc:2    | 26332 ||| FLEEEEING.
 26333 | Orc:2    | 26333 ||| FLEEEEING.
 26334 | Orc:2    | 26334 ||| FLEEEEING.
 26339 | Orc:2    | 26339 ||| FLEEEEING.
 26340 | Orc:2    | 26340 ||| FLEEEEING.
 26341 | Orc:2    | 26341 ||| FLEEEEING.
 26342 | Orc:2    | 26342 ||| STAIRDANCE
 26391 | Orc:2    | 26391 ||| STAIRDANCE
 26394 | Orc:1    | Identified the +1 pair of boots "Gudghad" {Str+3 Int+4}
                  | (Okawaru gifted it to you on level 1 of the Orcish Mines)
 26394 | Orc:1    | Received a gift from Okawaru
 26396 | Orc:1    | 26396 ||| UPGRADING to +1 pair of boots "Gudghad" {Str+3
                  | Int+4}.
 26406 | Orc:1    | 26406 ||| DROPPING +0 pair of boots of the Evening Star
                  | {rN++ Str+2}.
 26512 | Orc:2    | 26512 ||| Stepping ~*~*~tactically~*~*~ (stealth).
 26515 | Orc:2    | 26515 ||| Stepping ~*~*~tactically~*~*~ (stealth).
 26653 | Orc:2    | Found Daafiom's Magic Scroll Emporium.
 26697 | Orc:2    | 26697 ||| Stepping ~*~*~tactically~*~*~ (stealth).
 26720 | Orc:2    | 26720 ||| Stepping ~*~*~tactically~*~*~ (stealth).
 26723 | Orc:2    | 26723 ||| Stepping ~*~*~tactically~*~*~ (stealth).
 26724 | Orc:2    | 26724 ||| Stepping ~*~*~tactically~*~*~ (stealth).
 26725 | Orc:2    | 26725 ||| Stepping ~*~*~tactically~*~*~ (stealth).
 26754 | Orc:2    | Found Iracs's Armour Shop.
 26757 | Orc:2    | 26757 ||| BUYING scroll of identify (28 gold).
 26757 | Orc:2    | Bought a scroll of identify for 28 gold pieces
 26757 | Orc:2    | 26757 ||| BUYING scroll of identify (28 gold).
 26757 | Orc:2    | Bought a scroll of identify for 28 gold pieces
 26757 | Orc:2    | 26757 ||| BUYING scroll of identify (28 gold).
 26757 | Orc:2    | Bought a scroll of identify for 28 gold pieces
 26757 | Orc:2    | 26757 ||| BUYING scroll of identify (28 gold).
 26757 | Orc:2    | Bought a scroll of identify for 28 gold pieces
 26757 | Orc:2    | 26757 ||| BUYING scroll of identify (28 gold).
 26757 | Orc:2    | Bought a scroll of identify for 28 gold pieces
 26757 | Orc:2    | 26757 ||| BUYING scroll of identify (28 gold).
 26757 | Orc:2    | Bought a scroll of identify for 28 gold pieces
 26757 | Orc:2    | 26757 ||| BUYING scroll of teleportation (42 gold).
 26757 | Orc:2    | Bought a scroll of teleportation for 42 gold pieces
 26757 | Orc:2    | 26757 ||| BUYING scroll of teleportation (42 gold).
 26757 | Orc:2    | Bought a scroll of teleportation for 42 gold pieces
 26759 | Orc:2    | Found Duck's Antique Armour Shoppe.
 26760 | Orc:2    | Found Jalaiza's Jewellery Emporium.
 26762 | Orc:2    | 26762 ||| BUYING +4 chain mail of fire resistance (472
                  | gold).
 26762 | Orc:2    | Bought a +4 chain mail of fire resistance for 472 gold
                  | pieces
 26776 | Orc:2    | 26776 ||| BUYING +3 pair of mountain boots {steadfast, rC+}
                  | (1273 gold).
 26776 | Orc:2    | Bought the +3 pair of mountain boots {steadfast, rC+} for
                  | 1273 gold pieces
 26776 | Orc:2    | Found the +3 pair of mountain boots {steadfast, rC+}
 26776 | Orc:2    | 26776 ||| SHOPLISTING brightly glowing acid dragon scales
                  | (1710 gold, have 421).
 26776 | Orc:2    | 26776 ||| SHOPLISTING crystal plate armour (3040 gold, have
                  | 421).
 26776 | Orc:2    | 26776 ||| BUYING masterwork cloak (361 gold).
 26776 | Orc:2    | Bought a masterwork cloak for 361 gold pieces
 26776 | Orc:2    | Identified the +2 cloak of the Insatiable Towns {Rampage
                  | rPois rC- Regen+} (You bought it in a shop on level 2 of
                  | the Orcish Mines)
 26941 | Orc:2    | 26941 ||| INVOKING Heroism.
 26999 | Orc:2    | 26999 ||| PLANNING SWAMP:1-3
 26999 | Orc:2    | 26999 ||| UPGRADING to +3 pair of mountain boots
                  | {steadfast, rC+}.
 27009 | Orc:2    | 27009 ||| DROPPING +0 plate armour.
 27010 | Orc:2    | 27010 ||| DROPPING +1 pair of boots "Gudghad" {Str+3
                  | Int+4}.
 27011 | Orc:2    | 27011 ||| UPGRADING to +2 cloak of the Insatiable Towns
                  | {Rampage rPois rC- Regen+}.
 27152 | Swamp:1  | Entered Level 1 of the Swamp
 27152 | Swamp:1  | Noticed Louise
 27153 | Swamp:1  | 27153 ||| INVOKING Heroism.
 27154 | Swamp:1  | 27154 ||| INVOKING Finesse.
 27166 | Swamp:1  | Killed Louise
 27224 | Swamp:1  | 27224 ||| INVOKING Heroism.
 27225 | Swamp:1  | 27225 ||| SWAPPING to +0 demon whip of venom.
 27226 | Swamp:1  | 27226 ||| INVOKING Finesse.
 27231 | Swamp:1  | 27231 ||| SWAPPING to +5 broad axe of electrocution.
 27240 | Swamp:1  | 27240 ||| Stepping ~*~*~tactically~*~*~ (stealth).
 27242 | Swamp:1  | 27242 ||| Stepping ~*~*~tactically~*~*~ (stealth).
 27270 | Swamp:1  | 27270 ||| Stepping ~*~*~tactically~*~*~ (stealth).
 27277 | Swamp:1  | 27277 ||| Stepping ~*~*~tactically~*~*~ (stealth).
 27278 | Swamp:1  | 27278 ||| Stepping ~*~*~tactically~*~*~ (stealth).
 27279 | Swamp:1  | 27279 ||| INVOKING Heroism.
 27280 | Swamp:1  | 27280 ||| INVOKING Finesse.
 27282 | Swamp:1  | 27282 ||| SWAPPING to +0 demon whip of venom.
 27286 | Swamp:1  | 27286 ||| SWAPPING to +5 broad axe of electrocution.
 27318 | Swamp:1  | 27318 ||| INVOKING Heroism.
 27394 | Swamp:1  | 27394 ||| Stepping ~*~*~tactically~*~*~ (hiding).
 27398 | Swamp:1  | 27398 ||| INVOKING Heroism.
 27461 | Swamp:1  | Noticed Frances
 27462 | Swamp:1  | 27462 ||| INVOKING Heroism.
 27463 | Swamp:1  | 27463 ||| INVOKING Finesse.
 27470 | Swamp:1  | Killed Frances
 27476 | Swamp:1  | 27476 ||| Stepping ~*~*~tactically~*~*~ (stealth).
 27477 | Swamp:1  | 27477 ||| Stepping ~*~*~tactically~*~*~ (stealth).
 27487 | Swamp:1  | 27487 ||| Stepping ~*~*~tactically~*~*~ (stealth).
 27553 | Swamp:1  | Noticed a fenstrider witch
 27554 | Swamp:1  | 27554 ||| INVOKING Heroism.
 27560 | Swamp:1  | Killed a fenstrider witch
 27569 | Swamp:1  | Noticed Donald
 27575 | Swamp:1  | Reached skill level 15 in Fighting
 27579 | Swamp:1  | Reached XP level 17. HP: 58/113 MP: 24/24
 27584 | Swamp:1  | 27584 ||| INVOKING Heroism.
 27590 | Swamp:1  | Killed Donald
 27997 | Swamp:1  | 27997 ||| UPGRADING to +0 tower shield.
 28007 | Swamp:1  | 28007 ||| DROPPING +1 buckler of protection.
 28008 | Swamp:1  | 28008 ||| READING 10 scrolls of identify.
 28008 | Swamp:1  | 28008 ||| IDENTIFYING fuming golden potion
 28009 | Swamp:1  | 28009 ||| DROPPING potion of degeneration.
 28034 | Swamp:2  | 28034 ||| INVOKING Heroism.
 28035 | Swamp:2  | 28035 ||| STAIRDANCE
 28035 | Swamp:2  | Noticed Mlioglotl
 28047 | Swamp:2  | 28047 ||| STAIRDANCE
 28049 | Swamp:1  | 28049 ||| SWAPPING to +0 demon whip of venom.
 28050 | Swamp:1  | 28050 ||| Stepping ~*~*~tactically~*~*~ (outnumbered).
 28053 | Swamp:1  | 28053 ||| SWAPPING to +5 broad axe of electrocution.
 28055 | Swamp:1  | 28055 ||| INVOKING Heroism.
 28056 | Swamp:1  | 28056 ||| SWAPPING to +0 demon whip of venom.
 28068 | Swamp:1  | 28068 ||| SWAPPING to +5 broad axe of electrocution.
 28099 | Swamp:2  | 28099 ||| STAIRDANCE
 28101 | Swamp:1  | 28101 ||| INVOKING Heroism.
 28111 | Swamp:1  | Killed Mlioglotl
 28121 | Swamp:2  | 28121 ||| SWAPPING to +0 demon whip of venom.
 28125 | Swamp:2  | 28125 ||| Stepping ~*~*~tactically~*~*~ (outnumbered).
 28127 | Swamp:2  | 28127 ||| Stepping ~*~*~tactically~*~*~ (outnumbered).
 28129 | Swamp:2  | 28129 ||| Stepping ~*~*~tactically~*~*~ (outnumbered).
 28130 | Swamp:2  | 28130 ||| Stepping ~*~*~tactically~*~*~ (outnumbered).
 28132 | Swamp:2  | 28132 ||| INVOKING Heroism.
 28141 | Swamp:2  | HP: 26/113 [will-o-the-wisp/foxfire (4)]
 28142 | Swamp:2  | 28142 ||| READING 7 scrolls of teleportation.
 28143 | Swamp:2  | 28143 ||| DRINKING 3 potions of heal wounds.
 28144 | Swamp:2  | 28144 ||| SWAPPING to +5 broad axe of electrocution.
 28148 | Swamp:2  | 28148 ||| Stepping ~*~*~tactically~*~*~ (hiding).
 28219 | Swamp:2  | 28219 ||| INVOKING Heroism.
 28234 | Swamp:2  | Received a gift from Okawaru
 28301 | Swamp:2  | 28301 ||| INVOKING Heroism.
 28737 | Swamp:3  | 28737 ||| INVOKING Heroism.
 28739 | Swamp:3  | 28739 ||| SWAPPING to +0 demon whip of venom.
 28744 | Swamp:3  | 28744 ||| SWAPPING to +5 broad axe of electrocution.
 28772 | Swamp:3  | 28772 ||| INVOKING Heroism.
 28774 | Swamp:3  | 28774 ||| SWAPPING to +0 demon whip of venom.
 28778 | Swamp:3  | 28778 ||| SWAPPING to +5 broad axe of electrocution.
 28809 | Swamp:3  | 28809 ||| READING scroll of enchant weapon.
 28809 | Swamp:3  | 28809 ||| ENCHANTING +5 broad axe of electrocution.
 28843 | Swamp:3  | Received a gift from Okawaru
 28867 | Swamp:3  | Identified the +2 helmet of Impatience {Str+4 Int+4 Slay+3}
 29060 | Swamp:3  | 29060 ||| PLANNING SNAKE:1-3
 29060 | Swamp:3  | 29060 ||| DROPPING +0 helmet of see invisible.
 29061 | Swamp:3  | 29061 ||| DROPPING +2 hat.
 29062 | Swamp:3  | 29062 ||| UPGRADING to +2 helmet of Impatience {Str+4 Int+4
                  | Slay+3}.
 29072 | Swamp:3  | 29072 ||| DROPPING +2 helmet "Wedal" {+Blink}.
 29178 | Snake:1  | Entered Level 1 of the Snake Pit
 29183 | Snake:1  | Reached skill level 12 in Shields
 29203 | Snake:1  | 29203 ||| Stepping ~*~*~tactically~*~*~ (hiding).
 29338 | Snake:1  | Noticed Kirke
 29347 | Snake:1  | Killed Kirke
 29347 | Snake:1  | Received a gift from Okawaru
 29491 | Snake:1  | 29491 ||| Stepping ~*~*~tactically~*~*~ (hiding).
 29645 | Snake:1  | 29645 ||| INVOKING Heroism.
 29659 | Snake:1  | 29659 ||| Stepping ~*~*~tactically~*~*~ (hiding).
 29680 | Snake:1  | Received a gift from Okawaru
 29682 | Snake:1  | 29682 ||| Stepping ~*~*~tactically~*~*~ (hiding).
 29850 | Snake:1  | 29850 ||| Stepping ~*~*~tactically~*~*~ (hiding).
 29870 | Snake:1  | 29870 ||| Stepping ~*~*~tactically~*~*~ (hiding).
 29874 | Snake:1  | 29874 ||| Stepping ~*~*~tactically~*~*~ (hiding).
 29883 | Snake:1  | 29883 ||| Stepping ~*~*~tactically~*~*~ (hiding).
 29895 | Snake:1  | 29895 ||| DROPPING +0 demon whip of venom.
 30055 | Snake:1  | 30055 ||| INVOKING Heroism.
 30061 | Snake:1  | Received a gift from Okawaru
 30137 | Snake:1  | 30137 ||| Stepping ~*~*~tactically~*~*~ (stealth).
 30156 | Snake:1  | 30156 ||| DROPPING ring of see invisible.
 30157 | Snake:1  | 30157 ||| READING 3 scrolls labelled PIHOERCHENEJ.
 30258 | Snake:1  | 30258 ||| DROPPING 2 scrolls of silence.
 30277 | Snake:2  | Noticed Vashnia
 30278 | Snake:2  | 30278 ||| Stepping ~*~*~tactically~*~*~ (hiding).
 30289 | Snake:2  | 30289 ||| INVOKING Heroism.
 30336 | Snake:2  | 30336 ||| INVOKING Heroism.
 30359 | Snake:2  | Killed Vashnia
 30431 | Snake:2  | 30431 ||| Stepping ~*~*~tactically~*~*~ (hiding).
 30451 | Snake:2  | 30451 ||| INVOKING Heroism.
 30491 | Snake:2  | Found a shimmering blue altar of Sif Muna.
 30512 | Snake:2  | 30512 ||| Stepping ~*~*~tactically~*~*~ (hiding).
 30513 | Snake:2  | 30513 ||| INVOKING Heroism.
 30569 | Snake:2  | 30569 ||| Stepping ~*~*~tactically~*~*~ (hiding).
 30570 | Snake:2  | 30570 ||| Stepping ~*~*~tactically~*~*~ (hiding).
 30764 | Snake:2  | 30764 ||| INVOKING Heroism.
 30775 | Snake:2  | Received a gift from Okawaru
 30803 | Snake:2  | 30803 ||| INVOKING Heroism.
 30807 | Snake:2  | Reached skill level 15 in Shields
 30815 | Snake:2  | Reached XP level 18. HP: 69/119 MP: 23/25
 30861 | Snake:2  | 30861 ||| DROPPING +1 broad axe of flaming.
 30887 | Snake:2  | 30887 ||| INVOKING Heroism.
 31038 | Snake:2  | 31038 ||| Stepping ~*~*~tactically~*~*~ (hiding).
 31158 | Snake:2  | 31158 ||| Stepping ~*~*~tactically~*~*~ (hiding).
 31161 | Snake:2  | 31161 ||| INVOKING Heroism.
 31280 | Snake:3  | Received a gift from Okawaru
 31374 | Snake:3  | 31374 ||| Stepping ~*~*~tactically~*~*~ (hiding).
 31381 | Snake:3  | 31381 ||| INVOKING Heroism.
 31405 | Snake:3  | 31405 ||| Stepping ~*~*~tactically~*~*~ (hiding).
 31413 | Snake:3  | 31413 ||| Stepping ~*~*~tactically~*~*~ (hiding).
 31563 | Snake:3  | 31563 ||| INVOKING Heroism.
 31649 | Snake:3  | Noticed Aizul
 31650 | Snake:3  | 31650 ||| INVOKING Heroism.
 31651 | Snake:3  | 31651 ||| INVOKING Finesse.
 31663 | Snake:3  | Killed Aizul
 31839 | Snake:3  | Found Hadoug's Weapon Shop.
 31842 | Snake:3  | Found Atzyschodgh's Armour Shop.
 31842 | Snake:3  | Found Utsogonyz's Distillery.
 31847 | Snake:3  | Found Biudel's Weapon Boutique.
 31850 | Snake:3  | 31850 ||| BUYING +3 plate armour of fire resistance (495
                  | gold).
 31850 | Snake:3  | Bought a +3 plate armour of fire resistance for 495 gold
                  | pieces
 31856 | Snake:3  | 31856 ||| SHOPLISTING potion of cancellation (112 gold,
                  | have 25).
 31856 | Snake:3  | 31856 ||| SHOPLISTING potion of haste (140 gold, have 25).
 31856 | Snake:3  | 31856 ||| SHOPLISTING potion of heal wounds (70 gold, have
                  | 25).
 31856 | Snake:3  | 31856 ||| SHOPLISTING potion of mutation (112 gold, have
                  | 25).
 32263 | Snake:3  | 32263 ||| PLANNING SWAMP:4
 32263 | Snake:3  | 32263 ||| UPGRADING to +3 plate armour of fire resistance.
 32273 | Snake:3  | 32273 ||| DROPPING +1 chain mail of Liberty {rN+ SInv}.
 32274 | Snake:3  | 32274 ||| DROPPING +3 chain mail of willpower.
 32275 | Snake:3  | 32275 ||| DROPPING +4 chain mail of fire resistance.
 32276 | Snake:3  | 32276 ||| READING scroll of enchant armour.
 32276 | Snake:3  | 32276 ||| ENCHANTING +3 plate armour of fire resistance.
 32277 | Snake:3  | 32277 ||| DROPPING +6 ring of intelligence.
 32438 | Swamp:4  | Entered Level 4 of the Swamp
 32440 | Swamp:4  | 32440 ||| INVOKING Heroism.
 32452 | Swamp:4  | 32452 ||| Stepping ~*~*~tactically~*~*~ (hiding).
 32578 | Swamp:4  | Received a gift from Okawaru
 32612 | Swamp:4  | 32612 ||| Stepping ~*~*~tactically~*~*~ (hiding).
 32613 | Swamp:4  | 32613 ||| INVOKING Heroism.
 32641 | Swamp:4  | 32641 ||| Stepping ~*~*~tactically~*~*~ (stealth).
 32660 | Swamp:4  | 32660 ||| READING 8 scrolls of teleportation.
 32666 | Swamp:4  | 32666 ||| Stepping ~*~*~tactically~*~*~ (cloud).
 32671 | Swamp:4  | 32671 ||| INVOKING Heroism.
 32674 | Swamp:4  | Received a gift from Okawaru
 32678 | Swamp:4  | 32678 ||| Stepping ~*~*~tactically~*~*~ (stealth).
 32682 | Swamp:4  | 32682 ||| Stepping ~*~*~tactically~*~*~ (stealth).
 32683 | Swamp:4  | 32683 ||| Stepping ~*~*~tactically~*~*~ (stealth).
 32685 | Swamp:4  | 32685 ||| Stepping ~*~*~tactically~*~*~ (hiding).
 32701 | Swamp:4  | 32701 ||| INVOKING Finesse.
 32751 | Swamp:4  | 32751 ||| Stepping ~*~*~tactically~*~*~ (stealth).
 32754 | Swamp:4  | 32754 ||| Stepping ~*~*~tactically~*~*~ (stealth).
 32762 | Swamp:4  | 32762 ||| INVOKING Heroism.
 32811 | Swamp:4  | 32811 ||| Stepping ~*~*~tactically~*~*~ (stealth).
 32812 | Swamp:4  | 32812 ||| Stepping ~*~*~tactically~*~*~ (stealth).
 32827 | Swamp:4  | 32827 ||| INVOKING Heroism.
 32828 | Swamp:4  | 32828 ||| INVOKING Finesse.
 32873 | Swamp:4  | Reached skill level 18 in Shields
 32902 | Swamp:4  | 32902 ||| Stepping ~*~*~tactically~*~*~ (stealth).
 32904 | Swamp:4  | 32904 ||| INVOKING Heroism.
 33004 | Swamp:4  | Found a basalt altar of Yredelemnul.
 33006 | Swamp:4  | 33006 ||| Stepping ~*~*~tactically~*~*~ (stealth).
 33049 | Swamp:4  | Found a blossoming altar of Fedhas.
 33050 | Swamp:4  | 33050 ||| INVOKING Heroism.
 33051 | Swamp:4  | 33051 ||| INVOKING Finesse.
 33097 | Swamp:4  | Got a decaying rune of Zot
 33216 | Swamp:4  | 33216 ||| Stepping ~*~*~tactically~*~*~ (stealth).
 33223 | Swamp:4  | 33223 ||| INVOKING Heroism.
 33255 | Swamp:4  | 33255 ||| READING 7 scrolls of teleportation.
 33414 | Swamp:4  | 33414 ||| PLANNING VAULTS:1-4
 33566 | Vaults:1 | Entered Level 1 of the Vaults
 33576 | Vaults:1 | 33576 ||| Stepping ~*~*~tactically~*~*~ (hiding).
 33580 | Vaults:1 | 33580 ||| INVOKING Heroism.
 33600 | Vaults:1 | Identified the +6 war axe of Doom {vorpal, Drain rC+ rN+
                  | Str+8} (Okawaru gifted it to you on level 1 of the Vaults)
 33600 | Vaults:1 | Received a gift from Okawaru
 33700 | Vaults:1 | 33700 ||| INVOKING Heroism.
 33712 | Vaults:1 | Reached XP level 19. HP: 116/124 MP: 24/26
 33748 | Vaults:1 | 33748 ||| Stepping ~*~*~tactically~*~*~ (stealth).
 33786 | Vaults:1 | 33786 ||| Stepping ~*~*~tactically~*~*~ (stealth).
 33797 | Vaults:1 | 33797 ||| Stepping ~*~*~tactically~*~*~ (stealth).
 33798 | Vaults:1 | 33798 ||| Stepping ~*~*~tactically~*~*~ (stealth).
 33801 | Vaults:1 | 33801 ||| Stepping ~*~*~tactically~*~*~ (hiding).
 34016 | Vaults:1 | 34016 ||| Stepping ~*~*~tactically~*~*~ (hiding).
 34017 | Vaults:1 | 34017 ||| Stepping ~*~*~tactically~*~*~ (hiding).
 34347 | Vaults:1 | 34347 ||| Stepping ~*~*~tactically~*~*~ (stealth).
 34356 | Vaults:1 | 34356 ||| Stepping ~*~*~tactically~*~*~ (stealth).
 34364 | Vaults:1 | 34364 ||| Stepping ~*~*~tactically~*~*~ (hiding).
 34366 | Vaults:1 | 34366 ||| Stepping ~*~*~tactically~*~*~ (hiding).
 34411 | Vaults:1 | 34411 ||| Stepping ~*~*~tactically~*~*~ (stealth).
 34415 | Vaults:1 | Reached skill level 9 in Throwing
 34591 | Vaults:1 | Identified the +7 glaive "Iwkepahe" {vamp, rC+ Str+4 Int+2}
 34701 | Vaults:1 | 34701 ||| Stepping ~*~*~tactically~*~*~ (hiding).
 34704 | Vaults:1 | 34704 ||| Stepping ~*~*~tactically~*~*~ (hiding).
 34744 | Vaults:1 | 34744 ||| INVOKING Heroism.
 34895 | Vaults:1 | 34895 ||| Stepping ~*~*~tactically~*~*~ (hiding).
 34897 | Vaults:1 | 34897 ||| INVOKING Heroism.
 34942 | Vaults:1 | 34942 ||| Stepping ~*~*~tactically~*~*~ (stealth).
 34943 | Vaults:1 | 34943 ||| Stepping ~*~*~tactically~*~*~ (stealth).
 34944 | Vaults:1 | 34944 ||| Stepping ~*~*~tactically~*~*~ (stealth).
 34965 | Vaults:1 | 34965 ||| Stepping ~*~*~tactically~*~*~ (stealth).
 34966 | Vaults:1 | 34966 ||| Stepping ~*~*~tactically~*~*~ (stealth).
 34967 | Vaults:1 | 34967 ||| Stepping ~*~*~tactically~*~*~ (stealth).
 34971 | Vaults:1 | 34971 ||| Stepping ~*~*~tactically~*~*~ (stealth).
 35077 | Vaults:2 | Received a gift from Okawaru
 35079 | Vaults:2 | 35079 ||| DROPPING +0 broad axe of draining.
 35087 | Vaults:2 | Found Nomamalu's Magic Scroll Shop.
 35121 | Vaults:2 | Reached skill level 15 in Armour
 35148 | Vaults:2 | 35148 ||| Stepping ~*~*~tactically~*~*~ (hiding).
 35187 | Vaults:2 | 35187 ||| Stepping ~*~*~tactically~*~*~ (hiding).
 35188 | Vaults:2 | 35188 ||| Stepping ~*~*~tactically~*~*~ (hiding).
 35191 | Vaults:2 | 35191 ||| Stepping ~*~*~tactically~*~*~ (hiding).
 35350 | Vaults:2 | 35350 ||| Stepping ~*~*~tactically~*~*~ (stealth).
 35352 | Vaults:2 | 35352 ||| Stepping ~*~*~tactically~*~*~ (hiding).
 35360 | Vaults:2 | 35360 ||| INVOKING Heroism.
 35378 | Vaults:2 | 35378 ||| INVOKING Finesse.
 35478 | Vaults:2 | Found a staircase to the Crypt.
 35572 | Vaults:2 | Received a gift from Okawaru
 35666 | Vaults:2 | 35666 ||| Stepping ~*~*~tactically~*~*~ (hiding).
 35677 | Vaults:2 | 35677 ||| Stepping ~*~*~tactically~*~*~ (hiding).
 35682 | Vaults:2 | 35682 ||| INVOKING Heroism.
 35698 | Vaults:2 | 35698 ||| Stepping ~*~*~tactically~*~*~ (hiding).
 35705 | Vaults:2 | Received a gift from Okawaru
 35962 | Vaults:2 | 35962 ||| Stepping ~*~*~tactically~*~*~ (stealth).
 35972 | Vaults:2 | 35972 ||| INVOKING Heroism.
 35976 | Vaults:2 | 35976 ||| Stepping ~*~*~tactically~*~*~ (hiding).
 35979 | Vaults:2 | 35979 ||| Stepping ~*~*~tactically~*~*~ (hiding).
 35983 | Vaults:2 | 35983 ||| Stepping ~*~*~tactically~*~*~ (hiding).
 36066 | Vaults:2 | 36066 ||| Stepping ~*~*~tactically~*~*~ (hiding).
 36075 | Vaults:2 | 36075 ||| Stepping ~*~*~tactically~*~*~ (hiding).
 36085 | Vaults:2 | Received a gift from Okawaru
 36086 | Vaults:2 | 36086 ||| FLEEEEING.
 36087 | Vaults:2 | 36087 ||| FLEEEEING.
 36088 | Vaults:2 | 36088 ||| FLEEEEING.
 36089 | Vaults:2 | 36089 ||| FLEEEEING.
 36090 | Vaults:2 | 36090 ||| FLEEEEING.
 36091 | Vaults:2 | 36091 ||| FLEEEEING.
 36092 | Vaults:2 | 36092 ||| FLEEEEING.
 36267 | Vaults:2 | 36267 ||| Stepping ~*~*~tactically~*~*~ (hiding).
 36272 | Vaults:2 | 36272 ||| Stepping ~*~*~tactically~*~*~ (hiding).
 36273 | Vaults:2 | 36273 ||| Stepping ~*~*~tactically~*~*~ (hiding).
 36275 | Vaults:2 | 36275 ||| Stepping ~*~*~tactically~*~*~ (hiding).
 36288 | Vaults:2 | 36288 ||| Stepping ~*~*~tactically~*~*~ (stealth).
 36290 | Vaults:2 | 36290 ||| Stepping ~*~*~tactically~*~*~ (hiding).
 36300 | Vaults:2 | Identified the +1 pair of gloves "Qacsi" {Int+3 Dex+2}
                  | (Okawaru gifted it to you on level 2 of the Vaults)
 36300 | Vaults:2 | Received a gift from Okawaru
 36420 | Vaults:3 | 36420 ||| PLANNING WIZLAB
 36458 | Vaults:3 | 36458 ||| FLEEEEING.
 36459 | Vaults:3 | 36459 ||| FLEEEEING.
 36460 | Vaults:3 | 36460 ||| FLEEEEING.
 36461 | Vaults:3 | 36461 ||| FLEEEEING.
 36462 | Vaults:3 | 36462 ||| FLEEEEING.
 36463 | Vaults:3 | 36463 ||| FLEEEEING.
 36464 | Vaults:3 | 36464 ||| FLEEEEING.
 36465 | Vaults:3 | 36465 ||| FLEEEEING.
 36466 | Vaults:3 | 36466 ||| FLEEEEING.
 36467 | Vaults:3 | 36467 ||| FLEEEEING.
 36468 | Vaults:3 | 36468 ||| STAIRDANCE
 36627 | Vaults:3 | Noticed Margery
 36628 | Vaults:3 | 36628 ||| INVOKING Heroism.
 36635 | Vaults:3 | Reached XP level 20. HP: 127/132 MP: 25/27
 36644 | Vaults:3 | Killed Margery
 36718 | Vaults:3 | Found Veall's General Store.
 36728 | Vaults:3 | 36728 ||| BUYING 2 potions of attraction (96 gold).
 36728 | Vaults:3 | Bought 2 potions of attraction for 96 gold pieces
 36728 | Vaults:3 | 36728 ||| BUYING potion of curing (48 gold).
 36728 | Vaults:3 | Bought a potion of curing for 48 gold pieces
 36750 | Vaults:3 | 36750 ||| Stepping ~*~*~tactically~*~*~ (stealth).
 36751 | Vaults:3 | 36751 ||| INVOKING Heroism.
 36827 | Vaults:3 | Reached skill level 6 in Dodging
 36835 | Vaults:3 | 36835 ||| Stepping ~*~*~tactically~*~*~ (hiding).
 36836 | Vaults:3 | 36836 ||| Stepping ~*~*~tactically~*~*~ (hiding).
 37008 | Vaults:3 | 37008 ||| INVOKING Heroism.
 37048 | Vaults:3 | 37048 ||| INVOKING Heroism.
 37107 | Vaults:3 | 37107 ||| Stepping ~*~*~tactically~*~*~ (hiding).
 37108 | Vaults:3 | 37108 ||| Stepping ~*~*~tactically~*~*~ (hiding).
 37118 | Vaults:3 | 37118 ||| RIP WIZLAB
 37121 | Vaults:3 | 37121 ||| PLANNING VAULTS:1-4
 37235 | Vaults:3 | 37235 ||| INVOKING Heroism.
 37311 | Vaults:3 | 37311 ||| Stepping ~*~*~tactically~*~*~ (hiding).
 37318 | Vaults:3 | 37318 ||| INVOKING Heroism.
 37364 | Vaults:3 | Received a gift from Okawaru
 37508 | Vaults:3 | 37508 ||| INVOKING Heroism.
 37568 | Vaults:3 | Found Awnumiel's Magic Scroll Shop.
 37576 | Vaults:3 | 37576 ||| BUYING scroll of enchant weapon (127 gold).
 37576 | Vaults:3 | Bought a scroll of enchant weapon for 127 gold pieces
 37576 | Vaults:3 | 37576 ||| READING scroll of enchant weapon.
 37576 | Vaults:3 | 37576 ||| ENCHANTING +6 broad axe of electrocution.
 37677 | Vaults:3 | 37677 ||| Stepping ~*~*~tactically~*~*~ (stealth).
 37684 | Vaults:3 | Received a gift from Okawaru
 37728 | Vaults:3 | 37728 ||| Stepping ~*~*~tactically~*~*~ (stealth).
 37731 | Vaults:3 | 37731 ||| Stepping ~*~*~tactically~*~*~ (hiding).
 37767 | Vaults:3 | 37767 ||| Stepping ~*~*~tactically~*~*~ (hiding).
 37768 | Vaults:3 | 37768 ||| Stepping ~*~*~tactically~*~*~ (hiding).
 37840 | Vaults:3 | 37840 ||| Stepping ~*~*~tactically~*~*~ (hiding).
 37932 | Vaults:4 | 37932 ||| Stepping ~*~*~tactically~*~*~ (hiding).
 37947 | Vaults:4 | 37947 ||| INVOKING Heroism.
 37948 | Vaults:4 | Received a gift from Okawaru
 37949 | Vaults:4 | Reached skill level 18 in Fighting
 38006 | Vaults:4 | 38006 ||| Stepping ~*~*~tactically~*~*~ (hiding).
 38041 | Vaults:4 | Identified the +10 dagger of Impatience {pain, Fly}
 38056 | Vaults:4 | 38056 ||| Stepping ~*~*~tactically~*~*~ (stealth).
 38059 | Vaults:4 | 38059 ||| Stepping ~*~*~tactically~*~*~ (hiding).
 38062 | Vaults:4 | 38062 ||| INVOKING Heroism.
 38063 | Vaults:4 | 38063 ||| Stepping ~*~*~tactically~*~*~ (hiding).
 38066 | Vaults:4 | Identified the +4 scale mail of Pathos {rPois Regen+
                  | Stlth+} (Okawaru gifted it to you on level 4 of the Vaults)
 38066 | Vaults:4 | Received a gift from Okawaru
 38135 | Vaults:4 | 38135 ||| INVOKING Heroism.
 38167 | Vaults:4 | 38167 ||| Stepping ~*~*~tactically~*~*~ (hiding).
 38323 | Vaults:4 | 38323 ||| INVOKING Heroism.
 38510 | Vaults:4 | 38510 ||| Stepping ~*~*~tactically~*~*~ (hiding).
 38516 | Vaults:4 | 38516 ||| INVOKING Heroism.
 38519 | Vaults:4 | 38519 ||| Stepping ~*~*~tactically~*~*~ (hiding).
 38683 | Vaults:4 | 38683 ||| INVOKING Heroism.
 38693 | Vaults:4 | Reached XP level 21. HP: 114/141 MP: 26/28
 38769 | Vaults:4 | 38769 ||| INVOKING Heroism.
 38789 | Vaults:4 | 38789 ||| READING scroll of brand weapon.
 38789 | Vaults:4 | 38789 ||| BRANDING +7 broad axe of electrocution.
 38851 | Vaults:4 | 38851 ||| FLEEEEING.
 38852 | Vaults:4 | 38852 ||| FLEEEEING.
 38853 | Vaults:4 | 38853 ||| FLEEEEING.
 38854 | Vaults:4 | 38854 ||| FLEEEEING.
 38855 | Vaults:4 | 38855 ||| FLEEEEING.
 38856 | Vaults:4 | 38856 ||| FLEEEEING.
 38857 | Vaults:4 | 38857 ||| FLEEEEING.
 38858 | Vaults:4 | 38858 ||| FLEEEEING.
 38859 | Vaults:4 | 38859 ||| FLEEEEING.
 38865 | Vaults:4 | 38865 ||| FLEEEEING.
 38866 | Vaults:4 | 38866 ||| FLEEEEING.
 38867 | Vaults:4 | 38867 ||| FLEEEEING.
 38868 | Vaults:4 | 38868 ||| FLEEEEING.
 38869 | Vaults:4 | 38869 ||| FLEEEEING.
 38870 | Vaults:4 | 38870 ||| FLEEEEING.
 38873 | Vaults:4 | 38873 ||| FLEEEEING.
 38874 | Vaults:4 | 38874 ||| FLEEEEING.
 38875 | Vaults:4 | 38875 ||| FLEEEEING.
 38876 | Vaults:4 | 38876 ||| FLEEEEING.
 38877 | Vaults:4 | 38877 ||| FLEEEEING.
 38878 | Vaults:4 | 38878 ||| FLEEEEING.
 38879 | Vaults:4 | 38879 ||| FLEEEEING.
 38885 | Vaults:4 | 38885 ||| FLEEEEING.
 38886 | Vaults:4 | 38886 ||| FLEEEEING.
 38887 | Vaults:4 | 38887 ||| FLEEEEING.
 38888 | Vaults:4 | 38888 ||| FLEEEEING.
 38889 | Vaults:4 | 38889 ||| FLEEEEING.
 38890 | Vaults:4 | 38890 ||| FLEEEEING.
 38893 | Vaults:4 | Noticed Sojobo
 38894 | Vaults:4 | 38894 ||| Stepping ~*~*~tactically~*~*~ (hiding).
 38895 | Vaults:4 | 38895 ||| Stepping ~*~*~tactically~*~*~ (hiding).
 38896 | Vaults:4 | 38896 ||| Stepping ~*~*~tactically~*~*~ (hiding).
 38897 | Vaults:4 | 38897 ||| INVOKING Heroism.
 38898 | Vaults:4 | 38898 ||| INVOKING Finesse.
 38914 | Vaults:4 | Killed Sojobo
 39086 | Vaults:4 | 39086 ||| Stepping ~*~*~tactically~*~*~ (hiding).
 39088 | Vaults:4 | 39088 ||| Stepping ~*~*~tactically~*~*~ (hiding).
 39114 | Vaults:4 | Reached skill level 18 in Armour
 39324 | Vaults:4 | Received a gift from Okawaru
 39429 | Vaults:4 | 39429 ||| Stepping ~*~*~tactically~*~*~ (hiding).
 39435 | Vaults:4 | 39435 ||| INVOKING Heroism.
 39476 | Vaults:4 | 39476 ||| PLANNING SNAKE:4
 39476 | Vaults:4 | 39476 ||| DROPPING ring of wizardry.
 39832 | Snake:4  | Entered Level 4 of the Snake Pit
 39853 | Snake:4  | 39853 ||| Stepping ~*~*~tactically~*~*~ (hiding).
 39855 | Snake:4  | 39855 ||| Stepping ~*~*~tactically~*~*~ (hiding).
 39976 | Snake:4  | 39976 ||| Stepping ~*~*~tactically~*~*~ (hiding).
 39979 | Snake:4  | 39979 ||| Stepping ~*~*~tactically~*~*~ (hiding).
 39981 | Snake:4  | 39981 ||| INVOKING Heroism.
 40032 | Snake:4  | Identified the amulet "Kihuuq" {Acrobat rF+ rN+}
 40086 | Snake:4  | 40086 ||| INVOKING Heroism.
 40103 | Snake:4  | Identified the +1 ring mail of the Sun {Will+} (Okawaru
                  | gifted it to you on level 4 of the Snake Pit)
 40103 | Snake:4  | Received a gift from Okawaru
 40268 | Snake:4  | 40268 ||| INVOKING Heroism.
 40309 | Snake:4  | 40309 ||| READING scroll of brand weapon.
 40309 | Snake:4  | 40309 ||| BRANDING +7 broad axe of flaming.
 40361 | Snake:4  | 40361 ||| Stepping ~*~*~tactically~*~*~ (hiding).
 40371 | Snake:4  | 40371 ||| Stepping ~*~*~tactically~*~*~ (hiding).
 40380 | Snake:4  | 40380 ||| Stepping ~*~*~tactically~*~*~ (hiding).
 40389 | Snake:4  | 40389 ||| INVOKING Heroism.
 40401 | Snake:4  | 40401 ||| Stepping ~*~*~tactically~*~*~ (hiding).
 40423 | Snake:4  | 40423 ||| Stepping ~*~*~tactically~*~*~ (hiding).
 40425 | Snake:4  | 40425 ||| Stepping ~*~*~tactically~*~*~ (hiding).
 40438 | Snake:4  | 40438 ||| Stepping ~*~*~tactically~*~*~ (hiding).
 40556 | Snake:4  | 40556 ||| Stepping ~*~*~tactically~*~*~ (hiding).
 40593 | Snake:4  | 40593 ||| Stepping ~*~*~tactically~*~*~ (stealth).
 40594 | Snake:4  | 40594 ||| INVOKING Heroism.
 40676 | Snake:4  | 40676 ||| INVOKING Heroism.
 40706 | Snake:4  | 40706 ||| INVOKING Heroism.
 40842 | Snake:4  | Got a serpentine rune of Zot
 40927 | Snake:4  | 40927 ||| PLANNING DEPTHS
 41272 | Depths:1 | Entered Level 1 of the Depths
 41290 | Depths:1 | 41290 ||| Stepping ~*~*~tactically~*~*~ (stealth).
 41291 | Depths:1 | 41291 ||| Stepping ~*~*~tactically~*~*~ (stealth).
 41293 | Depths:1 | 41293 ||| INVOKING Heroism.
 41295 | Depths:1 | 41295 ||| Stepping ~*~*~tactically~*~*~ (hiding).
 41312 | Depths:1 | 41312 ||| Stepping ~*~*~tactically~*~*~ (hiding).
 41323 | Depths:1 | 41323 ||| Stepping ~*~*~tactically~*~*~ (stealth).
 41332 | Depths:1 | 41332 ||| INVOKING Finesse.
 41403 | Depths:1 | 41403 ||| Stepping ~*~*~tactically~*~*~ (stealth).
 41435 | Depths:1 | 41435 ||| Stepping ~*~*~tactically~*~*~ (stealth).
 41440 | Depths:1 | 41440 ||| INVOKING Heroism.
 41446 | Depths:1 | 41446 ||| INVOKING Finesse.
 41452 | Depths:1 | Received a gift from Okawaru
 41492 | Depths:1 | 41492 ||| Stepping ~*~*~tactically~*~*~ (hiding).
 41493 | Depths:1 | 41493 ||| Stepping ~*~*~tactically~*~*~ (hiding).
 41497 | Depths:1 | 41497 ||| Stepping ~*~*~tactically~*~*~ (stealth).
 41509 | Depths:1 | 41509 ||| Stepping ~*~*~tactically~*~*~ (hiding).
 41510 | Depths:1 | 41510 ||| INVOKING Finesse.
 41513 | Depths:1 | 41513 ||| Stepping ~*~*~tactically~*~*~ (hiding).
 41519 | Depths:1 | 41519 ||| INVOKING Heroism.
 41557 | Depths:1 | Found the +8 lance "Wyrmbane" {slay drac, rPois rF+ rC+
                  | AC+3}
 41575 | Depths:1 | 41575 ||| INVOKING Heroism.
 41576 | Depths:1 | 41576 ||| INVOKING Finesse.
 41643 | Depths:1 | 41643 ||| INVOKING Finesse.
 41649 | Depths:1 | 41649 ||| Stepping ~*~*~tactically~*~*~ (hiding).
 41743 | Depths:1 | 41743 ||| Stepping ~*~*~tactically~*~*~ (stealth).
 41810 | Depths:1 | Found a broken altar of Ashenzari.
 41825 | Depths:1 | 41825 ||| INVOKING Finesse.
 41826 | Depths:1 | 41826 ||| INVOKING Heroism.
 41834 | Depths:1 | 41834 ||| Stepping ~*~*~tactically~*~*~ (stealth).
 41840 | Depths:1 | 41840 ||| Stepping ~*~*~tactically~*~*~ (stealth).
 41848 | Depths:1 | Reached XP level 22. HP: 149/149 MP: 24/29
 41941 | Depths:1 | 41941 ||| INVOKING Finesse.
 41945 | Depths:1 | 41945 ||| Stepping ~*~*~tactically~*~*~ (hiding).
 41946 | Depths:1 | 41946 ||| Stepping ~*~*~tactically~*~*~ (hiding).
 41949 | Depths:1 | 41949 ||| INVOKING Heroism.
 42015 | Depths:1 | 42015 ||| Stepping ~*~*~tactically~*~*~ (stealth).
 42019 | Depths:1 | 42019 ||| Stepping ~*~*~tactically~*~*~ (stealth).
 42022 | Depths:1 | Received a gift from Okawaru
 42053 | Depths:1 | 42053 ||| Stepping ~*~*~tactically~*~*~ (stealth).
 42054 | Depths:1 | 42054 ||| Stepping ~*~*~tactically~*~*~ (stealth).
 42056 | Depths:1 | 42056 ||| Stepping ~*~*~tactically~*~*~ (hiding).
 42177 | Depths:1 | Found a one-way gate leading to the halls of Pandemonium.
 42178 | Depths:1 | 42178 ||| INVOKING Heroism.
 42435 | Depths:1 | Found a gateway to Hell.
 42595 | Depths:1 | 42595 ||| DROPPING amulet of the acrobat.
 42624 | Depths:2 | 42624 ||| INVOKING Heroism.
 42625 | Depths:2 | 42625 ||| STAIRDANCE
 42636 | Depths:2 | 42636 ||| STAIRDANCE
 42638 | Depths:1 | 42638 ||| INVOKING Finesse.
 42704 | Depths:2 | 42704 ||| Stepping ~*~*~tactically~*~*~ (hiding).
 42714 | Depths:2 | 42714 ||| INVOKING Heroism.
 42956 | Depths:2 | 42956 ||| Stepping ~*~*~tactically~*~*~ (stealth).
 42959 | Depths:2 | 42959 ||| Stepping ~*~*~tactically~*~*~ (stealth).
 42964 | Depths:2 | 42964 ||| Stepping ~*~*~tactically~*~*~ (hiding).
 42965 | Depths:2 | 42965 ||| Stepping ~*~*~tactically~*~*~ (hiding).
 42966 | Depths:2 | 42966 ||| Stepping ~*~*~tactically~*~*~ (hiding).
 43109 | Depths:2 | Found a transporter.
 43115 | Depths:2 | 43115 ||| INVOKING Heroism.
 43144 | Depths:2 | 43144 ||| Stepping ~*~*~tactically~*~*~ (hiding).
 43156 | Depths:2 | 43156 ||| INVOKING Heroism.
 43260 | Depths:2 | 43260 ||| Stepping ~*~*~tactically~*~*~ (hiding).
 43261 | Depths:2 | 43261 ||| Stepping ~*~*~tactically~*~*~ (hiding).
 43283 | Depths:2 | 43283 ||| Stepping ~*~*~tactically~*~*~ (stealth).
 43287 | Depths:2 | 43287 ||| INVOKING Heroism.
 43289 | Depths:2 | Received a gift from Okawaru
 43609 | Depths:2 | Found a transporter.
 43728 | Depths:3 | 43728 ||| INVOKING Heroism.
 43729 | Depths:3 | 43729 ||| INVOKING Finesse.
 43757 | Depths:3 | 43757 ||| INVOKING Heroism.
 43774 | Depths:3 | Reached skill level 21 in Shields
 43818 | Depths:3 | 43818 ||| READING scroll of brand weapon.
 43818 | Depths:3 | 43818 ||| BRANDING +7 broad axe of freezing.
 43824 | Depths:3 | Noticed a golden dragon
 43825 | Depths:3 | 43825 ||| INVOKING Finesse.
 43826 | Depths:3 | 43826 ||| Stepping ~*~*~tactically~*~*~ (hiding).
 43836 | Depths:3 | Killed a golden dragon
 43837 | Depths:3 | 43837 ||| Stepping ~*~*~tactically~*~*~ (hiding).
 43861 | Depths:3 | 43861 ||| Stepping ~*~*~tactically~*~*~ (stealth).
 43864 | Depths:3 | 43864 ||| Stepping ~*~*~tactically~*~*~ (hiding).
 43869 | Depths:3 | 43869 ||| INVOKING Heroism.
 43897 | Depths:3 | 43897 ||| Stepping ~*~*~tactically~*~*~ (stealth).
 43900 | Depths:3 | 43900 ||| Stepping ~*~*~tactically~*~*~ (stealth).
 43914 | Depths:3 | 43914 ||| Stepping ~*~*~tactically~*~*~ (hiding).
 43924 | Depths:3 | 43924 ||| Stepping ~*~*~tactically~*~*~ (stealth).
 43940 | Depths:3 | 43940 ||| Stepping ~*~*~tactically~*~*~ (stealth).
 44013 | Depths:3 | 44013 ||| INVOKING Heroism.
 44014 | Depths:3 | 44014 ||| INVOKING Finesse.
 44023 | Depths:3 | Received a gift from Okawaru
 44145 | Depths:3 | Found a white marble altar of Elyvilon.
 44189 | Depths:3 | Noticed a golden dragon
 44190 | Depths:3 | 44190 ||| Stepping ~*~*~tactically~*~*~ (hiding).
 44193 | Depths:3 | 44193 ||| INVOKING Heroism.
 44194 | Depths:3 | 44194 ||| INVOKING Finesse.
 44198 | Depths:3 | Killed a golden dragon
 44199 | Depths:3 | Reached skill level 21 in Fighting
 44256 | Depths:3 | 44256 ||| Stepping ~*~*~tactically~*~*~ (hiding).
 44342 | Depths:3 | Gained mutation: You are occasionally teleported next to
                  | monsters. [a cacodemon]
 44344 | Depths:3 | 44344 ||| INVOKING Heroism.
 44352 | Depths:3 | 44352 ||| INVOKING Finesse.
 44357 | Depths:3 | Reached XP level 23. HP: 118/160 MP: 23/30
 44422 | Depths:3 | 44422 ||| DRINKING 10 potions of mutation.
 44422 | Depths:3 | Lost mutation: You are occasionally teleported next to
                  | monsters. [potion of mutation]
 44422 | Depths:3 | Gained mutation: Your spells are a little easier to cast,
                  | but a little less powerful. [potion of mutation]
 44422 | Depths:3 | Gained mutation: Your flesh is heat resistant. (rF+)
                  | [potion of mutation]
 44422 | Depths:3 | Gained mutation: You are strong-willed. (Will+) [potion of
                  | mutation]
 44483 | Depths:3 | Found a one-way gate to the infinite horrors of the Abyss.
 44497 | Depths:3 | 44497 ||| INVOKING Heroism.
 44589 | Depths:3 | 44589 ||| Stepping ~*~*~tactically~*~*~ (stealth).
 44601 | Depths:3 | 44601 ||| Stepping ~*~*~tactically~*~*~ (hiding).
 44612 | Depths:3 | Received a gift from Okawaru
 44979 | Depths:3 | 44979 ||| DROPPING +0 ice dragon scales.
 44999 | Depths:4 | Entered Level 4 of the Depths
 45003 | Depths:4 | Found a one-way gateway to a ziggurat.
 45040 | Depths:4 | 45040 ||| INVOKING Heroism.
 45041 | Depths:4 | 45041 ||| INVOKING Finesse.
 45057 | Depths:4 | 45057 ||| DRINKING 2 potions of resistance.
 45065 | Depths:4 | Noticed Saint Roka
 45082 | Depths:4 | Killed Saint Roka
 45082 | Depths:4 | Identified the +9 eveningstar of Courage {speed, rC+ Will+
                  | Int-2 Dex+2} (Okawaru gifted it to you on level 4 of the
                  | Depths)
 45082 | Depths:4 | Received a gift from Okawaru
 45088 | Depths:4 | Reached skill level 12 in Throwing
 45128 | Depths:4 | 45128 ||| INVOKING Heroism.
 45280 | Depths:4 | 45280 ||| INVOKING Finesse.
 45334 | Depths:4 | 45334 ||| Stepping ~*~*~tactically~*~*~ (hiding).
 45367 | Depths:4 | 45367 ||| Stepping ~*~*~tactically~*~*~ (stealth).
 45369 | Depths:4 | 45369 ||| Stepping ~*~*~tactically~*~*~ (hiding).
 45420 | Depths:4 | 45420 ||| Stepping ~*~*~tactically~*~*~ (stealth).
 45421 | Depths:4 | 45421 ||| Stepping ~*~*~tactically~*~*~ (stealth).
 45425 | Depths:4 | 45425 ||| INVOKING Heroism.
 45428 | Depths:4 | 45428 ||| Stepping ~*~*~tactically~*~*~ (hiding).
 45440 | Depths:4 | 45440 ||| INVOKING Finesse.
 45538 | Depths:4 | Found a gate to the Realm of Zot.
 45538 | Depths:4 | Noticed a golden dragon
 45539 | Depths:4 | 45539 ||| Stepping ~*~*~tactically~*~*~ (hiding).
 45547 | Depths:4 | 45547 ||| INVOKING Heroism.
 45586 | Depths:4 | 45586 ||| Stepping ~*~*~tactically~*~*~ (hiding).
 45591 | Depths:4 | 45591 ||| INVOKING Heroism.
 45592 | Depths:4 | 45592 ||| INVOKING Finesse.
 45598 | Depths:4 | Killed a golden dragon
 45712 | Depths:4 | 45712 ||| Stepping ~*~*~tactically~*~*~ (stealth).
 45724 | Depths:4 | 45724 ||| INVOKING Heroism.
 45725 | Depths:4 | Received a gift from Okawaru
 45731 | Depths:4 | Noticed Boris
 45732 | Depths:4 | Found Bilaatipp's Assorted Antiques.
 45732 | Depths:4 | Found Misaxiaq's Book Shop.
 45733 | Depths:4 | 45733 ||| INVOKING Finesse.
 45748 | Depths:4 | Received a gift from Okawaru
 45751 | Depths:4 | Killed Boris
 45772 | Depths:4 | Found Wawyuc's Weapon Boutique.
 45782 | Depths:4 | 45782 ||| BUYING embroidered cloak (322 gold).
 45782 | Depths:4 | Bought an embroidered cloak for 322 gold pieces
 45782 | Depths:4 | 45782 ||| BUYING scratched golden ring (215 gold).
 45782 | Depths:4 | Bought a scratched golden ring for 215 gold pieces
 45782 | Depths:4 | 45782 ||| BUYING scroll of teleportation (129 gold).
 45782 | Depths:4 | Bought a scroll of teleportation for 129 gold pieces
 45782 | Depths:4 | 45782 ||| BUYING twisted beryl amulet (215 gold).
 45782 | Depths:4 | Bought a twisted beryl amulet for 215 gold pieces
 45786 | Depths:4 | 45786 ||| DROPPING +0 cloak of poison resistance.
 45839 | Depths:4 | 45839 ||| Stepping ~*~*~tactically~*~*~ (hiding).
 45990 | Depths:4 | 45990 ||| PLANNING VAULTS:5
 45990 | Depths:4 | 45990 ||| DROPPING amulet of faith.
 45991 | Depths:4 | 45991 ||| DROPPING ring of poison resistance.
 46240 | Vaults:5 | Entered Level 5 of the Vaults
 46241 | Vaults:5 | 46241 ||| INVOKING Heroism.
 46242 | Vaults:5 | 46242 ||| STAIRDANCE
 46261 | Vaults:5 | 46261 ||| STAIRDANCE
 46285 | Vaults:5 | 46285 ||| INVOKING Finesse.
 46291 | Vaults:5 | 46291 ||| INVOKING Heroism.
 46297 | Vaults:5 | Received a gift from Okawaru
 46300 | Vaults:5 | 46300 ||| STAIRDANCE
 46303 | Vaults:4 | Reached skill level 21 in Armour
 46371 | Vaults:5 | 46371 ||| STAIRDANCE
 46379 | Vaults:5 | Noticed a dread lich
 46380 | Vaults:5 | 46380 ||| STAIRDANCE
 46383 | Vaults:4 | Received a gift from Okawaru
 46389 | Vaults:5 | 46389 ||| STAIRDANCE
 46391 | Vaults:4 | 46391 ||| INVOKING Heroism.
 46392 | Vaults:4 | 46392 ||| INVOKING Finesse.
 46400 | Vaults:4 | Killed a dread lich
 46433 | Vaults:5 | 46433 ||| STAIRDANCE
 46459 | Vaults:5 | 46459 ||| STAIRDANCE
 46488 | Vaults:5 | 46488 ||| STAIRDANCE
 46511 | Vaults:5 | Noticed a golden dragon
 46512 | Vaults:5 | 46512 ||| INVOKING Heroism.
 46513 | Vaults:5 | 46513 ||| STAIRDANCE
 46519 | Vaults:4 | Received a gift from Okawaru
 46528 | Vaults:5 | Identified the amulet of Disaster {Spirit Regen+ Int-2
                  | Dex-4 SInv}
 46529 | Vaults:5 | 46529 ||| STAIRDANCE
 46529 | Vaults:5 | Noticed an ancient lich
 46531 | Vaults:4 | 46531 ||| INVOKING Finesse.
 46538 | Vaults:4 | Reached XP level 24. HP: 162/168 MP: 25/30
 46564 | Vaults:5 | 46564 ||| INVOKING Heroism.
 46580 | Vaults:5 | Killed an ancient lich
 46580 | Vaults:5 | Received a gift from Okawaru
 46581 | Vaults:5 | Reached skill level 9 in Dodging
 46583 | Vaults:5 | 46583 ||| STAIRDANCE
 46672 | Vaults:5 | 46672 ||| STAIRDANCE
 46682 | Vaults:5 | 46682 ||| STAIRDANCE
 46697 | Vaults:5 | 46697 ||| INVOKING Heroism.
 46704 | Vaults:5 | Received a gift from Okawaru
 46720 | Vaults:5 | 46720 ||| STAIRDANCE
 46771 | Vaults:5 | 46771 ||| INVOKING Heroism.
 46775 | Vaults:5 | Noticed Boris
 46775 | Vaults:5 | Noticed Mara
 46776 | Vaults:5 | 46776 ||| INVOKING Finesse.
 46782 | Vaults:5 | 46782 ||| STAIRDANCE
 46782 | Vaults:5 | Noticed qw's illusion
 46812 | Vaults:5 | 46812 ||| STAIRDANCE
 46822 | Vaults:5 | 46822 ||| STAIRDANCE
 46835 | Vaults:5 | 46835 ||| STAIRDANCE
 46849 | Vaults:5 | 46849 ||| STAIRDANCE
 46853 | Vaults:5 | 46853 ||| INVOKING Heroism.
 46854 | Vaults:5 | 46854 ||| INVOKING Finesse.
 46878 | Vaults:5 | Killed Mara
 46884 | Vaults:5 | Received a gift from Okawaru
 46897 | Vaults:5 | Killed Boris
 46921 | Vaults:5 | 46921 ||| READING 3 scrolls of enchant weapon.
 46921 | Vaults:5 | 46921 ||| ENCHANTING +7 spectral broad axe.
 46922 | Vaults:5 | 46922 ||| READING 2 scrolls of enchant weapon.
 46922 | Vaults:5 | 46922 ||| ENCHANTING +8 spectral broad axe.
 46923 | Vaults:5 | 46923 ||| DROPPING +6 war axe of Doom {vorpal, Drain rC+
                  | rN+ Str+8}.
 46944 | Vaults:5 | 46944 ||| Stepping ~*~*~tactically~*~*~ (stealth).
 46946 | Vaults:5 | 46946 ||| Stepping ~*~*~tactically~*~*~ (stealth).
 47043 | Vaults:5 | 47043 ||| FLEEEEING.
 47049 | Vaults:5 | 47049 ||| FLEEEEING.
 47050 | Vaults:5 | 47050 ||| FLEEEEING.
 47051 | Vaults:5 | 47051 ||| FLEEEEING.
 47052 | Vaults:5 | 47052 ||| FLEEEEING.
 47053 | Vaults:5 | 47053 ||| FLEEEEING.
 47054 | Vaults:5 | 47054 ||| FLEEEEING.
 47055 | Vaults:5 | 47055 ||| FLEEEEING.
 47056 | Vaults:5 | 47056 ||| FLEEEEING.
 47057 | Vaults:5 | 47057 ||| FLEEEEING.
 47058 | Vaults:5 | 47058 ||| FLEEEEING.
 47065 | Vaults:5 | 47065 ||| FLEEEEING.
 47066 | Vaults:5 | 47066 ||| FLEEEEING.
 47067 | Vaults:5 | 47067 ||| INVOKING Heroism.
 47068 | Vaults:5 | 47068 ||| INVOKING Finesse.
 47074 | Vaults:5 | Identified the +0 plate armour "Vefiask" {Rampage} (Okawaru
                  | gifted it to you on level 5 of the Vaults)
 47074 | Vaults:5 | Received a gift from Okawaru
 47079 | Vaults:5 | 47079 ||| Stepping ~*~*~tactically~*~*~ (hiding).
 47088 | Vaults:5 | 47088 ||| Stepping ~*~*~tactically~*~*~ (hiding).
 47179 | Vaults:5 | Identified the +1 ring mail of Gozag's Benevolence {Rampage
                  | +Blink Dex+4 Slay+2}
 47209 | Vaults:5 | Found the +9 heavy crossbow "Sniper" {vorpal, Acc+∞ SInv}
 47316 | Vaults:5 | 47316 ||| INVOKING Heroism.
 47382 | Vaults:5 | 47382 ||| Stepping ~*~*~tactically~*~*~ (stealth).
 47384 | Vaults:5 | 47384 ||| Stepping ~*~*~tactically~*~*~ (hiding).
 47385 | Vaults:5 | 47385 ||| Stepping ~*~*~tactically~*~*~ (hiding).
 47629 | Vaults:5 | 47629 ||| Stepping ~*~*~tactically~*~*~ (hiding).
 48104 | Vaults:5 | 48104 ||| INVOKING Heroism.
 48106 | Vaults:5 | 48106 ||| Stepping ~*~*~tactically~*~*~ (hiding).
 48131 | Vaults:5 | 48131 ||| Stepping ~*~*~tactically~*~*~ (hiding).
 48157 | Vaults:5 | 48157 ||| INVOKING Heroism.
 48191 | Vaults:5 | 48191 ||| Stepping ~*~*~tactically~*~*~ (hiding).
 48270 | Vaults:5 | Identified the +6 shortbow of the Healing Hero {vorpal,
                  | MP+9 Dex+3}
 48272 | Vaults:5 | Got a silver rune of Zot
 48278 | Vaults:5 | Identified the +11 broad axe of Guilt {protect, Str-4 Int+6
                  | Dex+3}
 48280 | Vaults:5 | 48280 ||| DROPPING +11 broad axe of Guilt {protect, Str-4
                  | Int+6 Dex+3}.
 48281 | Vaults:5 | Identified the +4 dagger "Betrat" {freeze, rElec}
 48283 | Vaults:5 | Identified the ring "Tukh" {Will+ MP+9 AC+4 Str-5}
 48285 | Vaults:5 | Identified the +0 chain mail of Kindness {Drain rC+ rCorr}
 48290 | Vaults:5 | Identified the +1 helmet of Kaypigre {rElec}
 48296 | Vaults:5 | Identified the ring "Duyxa" {Ice Slay+2}
 48323 | Vaults:5 | 48323 ||| PLANNING SHOPPING SPREE
 48323 | Vaults:5 | 48323 ||| DROPPING +0 plate armour "Vefiask" {Rampage}.
 48324 | Vaults:5 | 48324 ||| DROPPING +0 acid dragon scales.
 48325 | Vaults:5 | 48325 ||| DROPPING +1 helmet.
 48326 | Vaults:5 | 48326 ||| DROPPING +1 helmet of Kaypigre {rElec}.
 48327 | Vaults:5 | 48327 ||| DROPPING ring of ice.
 48328 | Vaults:5 | 48328 ||| DROPPING ring "Tukh" {Will+ MP+9 AC+4 Str-5}.
 49095 | Snake:3  | 49095 ||| BUYING potion of cancellation (112 gold).
 49095 | Snake:3  | Bought a potion of cancellation for 112 gold pieces
 49095 | Snake:3  | 49095 ||| BUYING potion of haste (140 gold).
 49095 | Snake:3  | Bought a potion of haste for 140 gold pieces
 49095 | Snake:3  | 49095 ||| BUYING potion of heal wounds (70 gold).
 49095 | Snake:3  | Bought a potion of heal wounds for 70 gold pieces
 49095 | Snake:3  | 49095 ||| BUYING potion of heal wounds (70 gold).
 49095 | Snake:3  | Bought a potion of heal wounds for 70 gold pieces
 49095 | Snake:3  | 49095 ||| BUYING potion of mutation (112 gold).
 49095 | Snake:3  | Bought a potion of mutation for 112 gold pieces
 49442 | D:3      | 49442 ||| BUYING scroll of enchant weapon (240 gold).
 49442 | D:3      | Bought a scroll of enchant weapon for 240 gold pieces
 49442 | D:3      | 49442 ||| CLEARING SHOPPING LIST
 49442 | D:3      | 49442 ||| PLANNING ZOT:1-4
 49442 | D:3      | 49442 ||| READING 11 scrolls of teleportation.
 49798 | Zot:1    | Entered Level 1 of the Realm of Zot
 49863 | Zot:1    | 49863 ||| INVOKING Heroism.
 49872 | Zot:1    | 49872 ||| Stepping ~*~*~tactically~*~*~ (hiding).
 49914 | Zot:1    | 49914 ||| INVOKING Heroism.
 50017 | Zot:1    | Noticed an orb of fire
 50018 | Zot:1    | 50018 ||| INVOKING Heroism.
 50019 | Zot:1    | 50019 ||| INVOKING Finesse.
 50026 | Zot:1    | Killed an orb of fire
 50093 | Zot:1    | 50093 ||| Stepping ~*~*~tactically~*~*~ (stealth).
 50094 | Zot:1    | 50094 ||| Stepping ~*~*~tactically~*~*~ (stealth).
 50098 | Zot:1    | 50098 ||| INVOKING Heroism.
 50433 | Zot:1    | 50433 ||| INVOKING Heroism.
 50613 | Zot:1    | Received a gift from Okawaru
 50727 | Zot:1    | 50727 ||| READING scroll labelled WOYXKU ATHED.
 50727 | Zot:1    | Identified a scroll of acquirement
 50727 | Zot:1    | 50727 ||| ACQUIRING 1016 gold pieces
 50727 | Zot:1    | Acquired 1016 gold pieces
 50749 | Zot:2    | 50749 ||| READING scroll of enchant armour.
 50749 | Zot:2    | 50749 ||| ENCHANTING +4 plate armour of fire resistance.
 50794 | Zot:2    | 50794 ||| Stepping ~*~*~tactically~*~*~ (hiding).
 50797 | Zot:2    | 50797 ||| INVOKING Heroism.
 50800 | Zot:2    | 50800 ||| Stepping ~*~*~tactically~*~*~ (hiding).
 50817 | Zot:2    | Reached XP level 25. HP: 171/176 MP: 30/30
 50883 | Zot:2    | 50883 ||| Stepping ~*~*~tactically~*~*~ (stealth).
 50886 | Zot:2    | 50886 ||| DROPPING amulet of magic regeneration.
 50887 | Zot:2    | 50887 ||| INVOKING Heroism.
 50907 | Zot:2    | 50907 ||| INVOKING Heroism.
 51053 | Zot:2    | 51053 ||| INVOKING Heroism.
 51058 | Zot:2    | 51058 ||| Stepping ~*~*~tactically~*~*~ (hiding).
 51064 | Zot:2    | Received a gift from Okawaru
 51254 | Zot:2    | 51254 ||| Stepping ~*~*~tactically~*~*~ (stealth).
 51255 | Zot:2    | 51255 ||| Stepping ~*~*~tactically~*~*~ (stealth).
 51268 | Zot:2    | 51268 ||| INVOKING Heroism.
 51271 | Zot:2    | Reached skill level 24 in Fighting
 51394 | Zot:2    | 51394 ||| READING 11 scrolls of teleportation.
 51397 | Zot:2    | 51397 ||| INVOKING Heroism.
 51425 | Zot:2    | Noticed an orb of fire
 51426 | Zot:2    | 51426 ||| INVOKING Finesse.
 51427 | Zot:2    | 51427 ||| INVOKING Heroism.
 51435 | Zot:2    | Killed an orb of fire
 51435 | Zot:2    | Received a gift from Okawaru
 51532 | Zot:2    | 51532 ||| INVOKING Heroism.
 51627 | Zot:2    | 51627 ||| Stepping ~*~*~tactically~*~*~ (hiding).
 51633 | Zot:2    | 51633 ||| INVOKING Heroism.
 51730 | Zot:2    | Noticed a Killer Klown
 51731 | Zot:2    | 51731 ||| Stepping ~*~*~tactically~*~*~ (stealth).
 51733 | Zot:2    | 51733 ||| INVOKING Heroism.
 51734 | Zot:2    | 51734 ||| INVOKING Finesse.
 51742 | Zot:2    | Killed a Killer Klown
 51750 | Zot:2    | Noticed a Killer Klown
 51752 | Zot:2    | 51752 ||| Stepping ~*~*~tactically~*~*~ (hiding).
 51762 | Zot:2    | Killed a Killer Klown
 51770 | Zot:2    | 51770 ||| Stepping ~*~*~tactically~*~*~ (stealth).
 51819 | Zot:2    | 51819 ||| Stepping ~*~*~tactically~*~*~ (stealth).
 51821 | Zot:2    | 51821 ||| Stepping ~*~*~tactically~*~*~ (stealth).
 51823 | Zot:2    | 51823 ||| Stepping ~*~*~tactically~*~*~ (stealth).
 51825 | Zot:2    | 51825 ||| Stepping ~*~*~tactically~*~*~ (stealth).
 51827 | Zot:2    | 51827 ||| Stepping ~*~*~tactically~*~*~ (stealth).
 51829 | Zot:2    | 51829 ||| Stepping ~*~*~tactically~*~*~ (stealth).
 51831 | Zot:2    | 51831 ||| Stepping ~*~*~tactically~*~*~ (stealth).
 51833 | Zot:2    | 51833 ||| Stepping ~*~*~tactically~*~*~ (stealth).
 51835 | Zot:2    | 51835 ||| Stepping ~*~*~tactically~*~*~ (stealth).
 51837 | Zot:2    | 51837 ||| Stepping ~*~*~tactically~*~*~ (stealth).
 51839 | Zot:2    | 51839 ||| Stepping ~*~*~tactically~*~*~ (stealth).
 51876 | Zot:2    | 51876 ||| INVOKING Heroism.
 51999 | Zot:2    | 51999 ||| Stepping ~*~*~tactically~*~*~ (stealth).
 52000 | Zot:2    | 52000 ||| Stepping ~*~*~tactically~*~*~ (stealth).
 52001 | Zot:2    | 52001 ||| Stepping ~*~*~tactically~*~*~ (stealth).
 52007 | Zot:2    | Received a gift from Okawaru
 52070 | Zot:2    | 52070 ||| INVOKING Heroism.
 52215 | Zot:3    | Identified the +7 ring mail of the Hills {rF- Regen+ Dex+8}
 52226 | Zot:3    | 52226 ||| Stepping ~*~*~tactically~*~*~ (hiding).
 52228 | Zot:3    | 52228 ||| INVOKING Heroism.
 52233 | Zot:3    | Identified the +9 hand axe of Resourcefulness {drain, rElec
                  | rF+ rN+ Stlth+} (Okawaru gifted it to you on level 3 of the
                  | Realm of Zot)
 52233 | Zot:3    | Received a gift from Okawaru
 52240 | Zot:3    | 52240 ||| Stepping ~*~*~tactically~*~*~ (hiding).
 52251 | Zot:3    | 52251 ||| Stepping ~*~*~tactically~*~*~ (hiding).
 52267 | Zot:3    | 52267 ||| Stepping ~*~*~tactically~*~*~ (stealth).
 52292 | Zot:3    | 52292 ||| Stepping ~*~*~tactically~*~*~ (hiding).
 52341 | Zot:3    | 52341 ||| READING scroll of enchant armour.
 52341 | Zot:3    | 52341 ||| ENCHANTING +5 plate armour of fire resistance.
 52346 | Zot:3    | 52346 ||| Stepping ~*~*~tactically~*~*~ (hiding).
 52348 | Zot:3    | 52348 ||| Stepping ~*~*~tactically~*~*~ (hiding).
 52349 | Zot:3    | 52349 ||| Stepping ~*~*~tactically~*~*~ (hiding).
 52368 | Zot:3    | 52368 ||| Stepping ~*~*~tactically~*~*~ (hiding).
 52369 | Zot:3    | 52369 ||| Stepping ~*~*~tactically~*~*~ (hiding).
 52370 | Zot:3    | 52370 ||| Stepping ~*~*~tactically~*~*~ (hiding).
 52371 | Zot:3    | 52371 ||| Stepping ~*~*~tactically~*~*~ (hiding).
 52372 | Zot:3    | 52372 ||| Stepping ~*~*~tactically~*~*~ (hiding).
 52376 | Zot:3    | 52376 ||| INVOKING Heroism.
 52772 | Zot:4    | 52772 ||| Stepping ~*~*~tactically~*~*~ (hiding).
 52776 | Zot:4    | 52776 ||| INVOKING Heroism.
 52782 | Zot:4    | 52782 ||| Stepping ~*~*~tactically~*~*~ (hiding).
 52784 | Zot:4    | 52784 ||| Stepping ~*~*~tactically~*~*~ (hiding).
 52990 | Zot:4    | 52990 ||| INVOKING Heroism.
 52994 | Zot:4    | 52994 ||| Stepping ~*~*~tactically~*~*~ (hiding).
 53032 | Zot:4    | 53032 ||| INVOKING Heroism.
 53040 | Zot:4    | Received a gift from Okawaru
 53514 | Zot:4    | 53514 ||| PLANNING THE SHINING ONE WORSHIP
 53930 | D:4      | Fell from the grace of Okawaru
 53930 | D:4      | Became a worshipper of the Shining One
 53931 | D:4      | 53931 ||| PLANNING CRYPT
 54198 | Crypt:1  | Entered Level 1 of the Crypt
 54290 | Crypt:1  | 54290 ||| Stepping ~*~*~tactically~*~*~ (hiding).
 54291 | Crypt:1  | Reached * piety under the Shining One
 54297 | Crypt:1  | 54297 ||| Stepping ~*~*~tactically~*~*~ (hiding).
 54303 | Crypt:1  | 54303 ||| Stepping ~*~*~tactically~*~*~ (hiding).
 54310 | Crypt:1  | 54310 ||| Stepping ~*~*~tactically~*~*~ (hiding).
 54316 | Crypt:1  | 54316 ||| Stepping ~*~*~tactically~*~*~ (hiding).
 54317 | Crypt:1  | 54317 ||| Stepping ~*~*~tactically~*~*~ (hiding).
 54323 | Crypt:1  | Reached ** piety under the Shining One
 54336 | Crypt:1  | Noticed an ancient lich
 54343 | Crypt:1  | Killed an ancient lich
 54344 | Crypt:1  | Reached skill level 11 in Invocations
 54479 | Crypt:1  | 54479 ||| Stepping ~*~*~tactically~*~*~ (stealth).
 54481 | Crypt:1  | 54481 ||| Stepping ~*~*~tactically~*~*~ (stealth).
 54482 | Crypt:1  | 54482 ||| Stepping ~*~*~tactically~*~*~ (stealth).
 54483 | Crypt:1  | 54483 ||| Stepping ~*~*~tactically~*~*~ (stealth).
 54486 | Crypt:1  | Reached XP level 26. HP: 188/188 MP: 31/31
 54515 | Crypt:1  | Reached *** piety under the Shining One
 54595 | Crypt:1  | 54595 ||| Stepping ~*~*~tactically~*~*~ (stealth).
 54596 | Crypt:1  | 54596 ||| INVOKING Cleansing Flame.
 54597 | Crypt:1  | 54597 ||| INVOKING Cleansing Flame.
 54606 | Crypt:1  | 54606 ||| INVOKING Cleansing Flame.
 54607 | Crypt:1  | Reached skill level 12 in Invocations
 54673 | Crypt:1  | Reached **** piety under the Shining One
 54777 | Crypt:1  | Noticed Jory
 54778 | Crypt:1  | 54778 ||| Stepping ~*~*~tactically~*~*~ (stealth).
 54788 | Crypt:1  | Killed Jory
 54945 | Crypt:1  | 54945 ||| DROPPING amulet of Disaster {Spirit Regen+ Int-2
                  | Dex-4 SInv}.
 55021 | Crypt:2  | 55021 ||| Stepping ~*~*~tactically~*~*~ (stealth).
 55068 | Crypt:2  | 55068 ||| STAIRDANCE
 55072 | Crypt:1  | Reached ***** piety under the Shining One
 55102 | Crypt:2  | 55102 ||| Stepping ~*~*~tactically~*~*~ (stealth).
 55103 | Crypt:2  | 55103 ||| Stepping ~*~*~tactically~*~*~ (stealth).
 55181 | Crypt:2  | 55181 ||| READING scroll of acquirement.
 55181 | Crypt:2  | 55181 ||| ACQUIRING -1 tower shield "Qirch" {rF++ rCorr
                  | Int+3 Slay-3}
 55181 | Crypt:2  | Acquired the -1 tower shield "Qirch" {rF++ rCorr Int+3
                  | Slay-3}
 55205 | Crypt:2  | 55205 ||| INVOKING Cleansing Flame.
 55207 | Crypt:2  | Reached skill level 13 in Invocations
 55232 | Crypt:2  | 55232 ||| Stepping ~*~*~tactically~*~*~ (stealth).
 55246 | Crypt:2  | 55246 ||| Stepping ~*~*~tactically~*~*~ (stealth).
 55276 | Crypt:2  | Noticed Xtahua
 55282 | Crypt:2  | Killed Xtahua
 55303 | Crypt:2  | 55303 ||| INVOKING Cleansing Flame.
 55338 | Crypt:2  | Reached skill level 14 in Invocations
 55425 | Crypt:2  | 55425 ||| DRINKING 15 potions of curing.
 55425 | Crypt:2  | 55425 ||| (to cure confusion)
 55437 | Crypt:2  | 55437 ||| INVOKING Summon Divine Warrior.
 55602 | Crypt:2  | Identified the +8 whip of Dim Light {pain, rPois Str+6}
 55719 | Crypt:3  | Entered Level 3 of the Crypt
 55728 | Crypt:3  | Reached ****** piety under the Shining One
 55729 | Crypt:3  | 55729 ||| INVOKING Summon Divine Warrior.
 55735 | Crypt:3  | 55735 ||| INVOKING Cleansing Flame.
 55736 | Crypt:3  | 55736 ||| INVOKING Cleansing Flame.
 55764 | Crypt:3  | Noticed Boris
 55765 | Crypt:3  | Found a runed translucent gate.
 55766 | Crypt:3  | Found a runed translucent gate.
 55766 | Crypt:3  | Found a runed translucent gate.
 55766 | Crypt:3  | Identified the +0 leather armour of the Stained God {Harm
                  | rElec}
 55770 | Crypt:3  | Killed Boris
 55804 | Crypt:3  | Reached skill level 15 in Invocations
 55826 | Crypt:3  | 55826 ||| INVOKING Summon Divine Warrior.
 55829 | Crypt:3  | 55829 ||| INVOKING Cleansing Flame.
 55841 | Crypt:3  | 55841 ||| INVOKING Cleansing Flame.
 55844 | Crypt:3  | 55844 ||| INVOKING Cleansing Flame.
 55845 | Crypt:3  | 55845 ||| INVOKING Cleansing Flame.
 55851 | Crypt:3  | Identified the +1 robe of Amorality {+Inv rF+}
 55853 | Crypt:3  | Noticed Nyubb's ghost (veteran MiGl)
 55879 | Crypt:3  | Reached skill level 16 in Invocations
 55893 | Crypt:3  | 55893 ||| INVOKING Brand Weapon With Holy Wrath.
 55893 | Crypt:3  | Identified a +9 broad axe of holy wrath (a +9 spectral
                  | broad axe blessed by the Shining One)
 55893 | Crypt:3  | Received a gift from the Shining One
 55894 | Crypt:3  | 55894 ||| DROPPING +0 broad axe of holy wrath.
 55963 | Crypt:3  | Noticed a dread lich
 55964 | Crypt:3  | Found the +3 greatsling "Punk" {acid, rCorr}
 55982 | Crypt:3  | 55982 ||| INVOKING Cleansing Flame.
 55983 | Crypt:3  | 55983 ||| INVOKING Cleansing Flame.
 55984 | Crypt:3  | 55984 ||| INVOKING Cleansing Flame.
 55985 | Crypt:3  | 55985 ||| INVOKING Cleansing Flame.
 55986 | Crypt:3  | 55986 ||| INVOKING Cleansing Flame.
 55987 | Crypt:3  | 55987 ||| INVOKING Cleansing Flame.
 55988 | Crypt:3  | 55988 ||| INVOKING Cleansing Flame.
 55991 | Crypt:3  | 55991 ||| INVOKING Cleansing Flame.
 55996 | Crypt:3  | 55996 ||| INVOKING Cleansing Flame.
 56014 | Crypt:3  | 56014 ||| INVOKING Cleansing Flame.
 56037 | Crypt:3  | 56037 ||| INVOKING Cleansing Flame.
 56054 | Crypt:3  | Killed a dread lich
 56179 | Crypt:3  | Noticed an ancient lich
 56179 | Crypt:3  | Noticed an ancient lich
 56184 | Crypt:3  | Killed an ancient lich
 56185 | Crypt:3  | Killed an ancient lich
 56186 | Crypt:3  | Reached skill level 17 in Invocations
 56189 | Crypt:3  | Identified the ring of the Devouring Gods {Int+4 Dex+6}
 56204 | Crypt:3  | 56204 ||| DROPPING +3 vorpal broad axe.
 56262 | Crypt:3  | Found an ancient bone altar of Kikubaaqudgha.
 56401 | Crypt:3  | 56401 ||| DRINKING 14 potions of curing.
 56401 | Crypt:3  | 56401 ||| (to cure confusion)
 56528 | Crypt:3  | Found an iron altar of Okawaru.
 56875 | Crypt:3  | Found a staircase to the Tomb.
 56968 | Crypt:3  | 56968 ||| PLANNING TOMB
 56968 | Crypt:3  | 56968 ||| DROPPING +2 cloak of preservation.
 56969 | Crypt:3  | 56969 ||| DROPPING scarf of harm.
 56970 | Crypt:3  | 56970 ||| DROPPING amulet "Vezipp" {Fragile rN+++ Regen+
                  | Int+3}.
 56971 | Crypt:3  | 56971 ||| DROPPING ring of the Devouring Gods {Int+4
                  | Dex+6}.
 57034 | Tomb:1   | Entered Level 1 of the Tomb of the Ancients
 57321 | Tomb:1   | Identified the +8 sling of Instant Death {flame, Str+6}
 57402 | Tomb:1   | Noticed a royal mummy
 57403 | Tomb:1   | 57403 ||| INVOKING Summon Divine Warrior.
 57405 | Tomb:1   | 57405 ||| INVOKING Cleansing Flame.
 57408 | Tomb:1   | 57408 ||| INVOKING Cleansing Flame.
 57409 | Tomb:1   | 57409 ||| INVOKING Cleansing Flame.
 57412 | Tomb:1   | Killed a royal mummy
 57419 | Tomb:1   | 57419 ||| INVOKING Cleansing Flame.
 57419 | Tomb:1   | Noticed a royal mummy
 57422 | Tomb:1   | 57422 ||| INVOKING Cleansing Flame.
 57423 | Tomb:1   | 57423 ||| INVOKING Cleansing Flame.
 57424 | Tomb:1   | 57424 ||| INVOKING Cleansing Flame.
 57425 | Tomb:1   | 57425 ||| INVOKING Cleansing Flame.
 57425 | Tomb:1   | Killed a royal mummy
 57426 | Tomb:1   | Reached skill level 18 in Invocations
 57445 | Tomb:1   | 57445 ||| INVOKING Cleansing Flame.
 57452 | Tomb:1   | 57452 ||| INVOKING Cleansing Flame.
 57453 | Tomb:1   | 57453 ||| INVOKING Cleansing Flame.
 57466 | Tomb:1   | 57466 ||| INVOKING Cleansing Flame.
 57619 | Tomb:1   | Identified the +1 pair of gloves "Xucodwon" {Drain Will+++
                  | Str+2 Stlth+}
 57812 | Tomb:2   | 57812 ||| DRINKING 11 potions of haste.
 57813 | Tomb:2   | 57813 ||| DRINKING 5 potions of attraction.
 57814 | Tomb:2   | 57814 ||| INVOKING Cleansing Flame.
 57814 | Tomb:2   | Noticed a royal mummy
 57815 | Tomb:2   | 57815 ||| INVOKING Summon Divine Warrior.
 57816 | Tomb:2   | 57816 ||| INVOKING Cleansing Flame.
 57816 | Tomb:2   | Noticed a royal mummy
 57816 | Tomb:2   | Noticed a royal mummy
 57816 | Tomb:2   | Noticed a royal mummy
 57819 | Tomb:2   | Killed a royal mummy
 57820 | Tomb:2   | Reached XP level 27. HP: 193/193 MP: 33/36
 57822 | Tomb:2   | Killed a royal mummy
 57823 | Tomb:2   | Killed a royal mummy
 57824 | Tomb:2   | Reached skill level 19 in Invocations
 57824 | Tomb:2   | Killed a royal mummy
 57839 | Tomb:2   | 57839 ||| INVOKING Cleansing Flame.
 57872 | Tomb:2   | 57872 ||| INVOKING Cleansing Flame.
 57970 | Tomb:2   | 57970 ||| INVOKING Cleansing Flame.
 57971 | Tomb:2   | Reached skill level 20 in Invocations
 58355 | Tomb:1   | 58355 ||| Stepping ~*~*~tactically~*~*~ (stealth).
 58357 | Tomb:1   | Noticed a royal mummy
 58358 | Tomb:1   | 58358 ||| Stepping ~*~*~tactically~*~*~ (stealth).
 58360 | Tomb:1   | 58360 ||| INVOKING Summon Divine Warrior.
 58362 | Tomb:1   | 58362 ||| INVOKING Cleansing Flame.
 58363 | Tomb:1   | 58363 ||| INVOKING Cleansing Flame.
 58364 | Tomb:1   | 58364 ||| INVOKING Cleansing Flame.
 58364 | Tomb:1   | Killed a royal mummy
 58366 | Tomb:1   | 58366 ||| INVOKING Cleansing Flame.
 58367 | Tomb:1   | 58367 ||| INVOKING Cleansing Flame.
 58527 | Tomb:1   | Noticed a royal mummy
 58528 | Tomb:1   | 58528 ||| INVOKING Summon Divine Warrior.
 58535 | Tomb:1   | Killed a royal mummy
 58611 | Tomb:1   | Noticed a royal mummy
 58613 | Tomb:1   | Noticed a royal mummy
 58615 | Tomb:1   | Noticed a royal mummy
 58618 | Tomb:1   | Killed a royal mummy
 58621 | Tomb:1   | Noticed a royal mummy
 58623 | Tomb:1   | Killed a royal mummy
 58624 | Tomb:1   | 58624 ||| INVOKING Cleansing Flame.
 58625 | Tomb:1   | 58625 ||| INVOKING Cleansing Flame.
 58626 | Tomb:1   | 58626 ||| INVOKING Cleansing Flame.
 58626 | Tomb:1   | Killed a royal mummy
 58628 | Tomb:1   | 58628 ||| INVOKING Cleansing Flame.
 58629 | Tomb:1   | 58629 ||| INVOKING Cleansing Flame.
 58630 | Tomb:1   | 58630 ||| INVOKING Cleansing Flame.
 58630 | Tomb:1   | Killed a royal mummy
 58639 | Tomb:1   | Noticed a royal mummy
 58642 | Tomb:1   | 58642 ||| INVOKING Cleansing Flame.
 58643 | Tomb:1   | 58643 ||| INVOKING Cleansing Flame.
 58644 | Tomb:1   | 58644 ||| INVOKING Cleansing Flame.
 58645 | Tomb:1   | 58645 ||| DRINKING potion of magic.
 58646 | Tomb:1   | 58646 ||| INVOKING Cleansing Flame.
 58646 | Tomb:1   | Killed a royal mummy
 58647 | Tomb:1   | Reached skill level 21 in Invocations
 58684 | Tomb:1   | Noticed a royal mummy
 58691 | Tomb:1   | Killed a royal mummy
 58716 | Tomb:1   | Noticed a royal mummy
 58723 | Tomb:1   | Killed a royal mummy
 58761 | Tomb:1   | Noticed a royal mummy
 58762 | Tomb:1   | 58762 ||| INVOKING Cleansing Flame.
 58763 | Tomb:1   | Killed a royal mummy
 58766 | Tomb:1   | Noticed a royal mummy
 58770 | Tomb:1   | Noticed a royal mummy
 58772 | Tomb:1   | Killed a royal mummy
 58781 | Tomb:1   | Killed a royal mummy
 58813 | Tomb:1   | Noticed a royal mummy
 58822 | Tomb:1   | 58822 ||| INVOKING Cleansing Flame.
 58824 | Tomb:1   | Killed a royal mummy
 59034 | Tomb:1   | Noticed a royal mummy
 59035 | Tomb:1   | 59035 ||| INVOKING Summon Divine Warrior.
 59039 | Tomb:1   | 59039 ||| INVOKING Cleansing Flame.
 59041 | Tomb:1   | Killed a royal mummy
 59054 | Tomb:1   | Noticed a royal mummy
 59055 | Tomb:1   | 59055 ||| INVOKING Cleansing Flame.
 59056 | Tomb:1   | 59056 ||| INVOKING Cleansing Flame.
 59057 | Tomb:1   | 59057 ||| INVOKING Cleansing Flame.
 59057 | Tomb:1   | Killed a royal mummy
 59117 | Tomb:1   | Noticed a royal mummy
 59118 | Tomb:1   | 59118 ||| INVOKING Cleansing Flame.
 59121 | Tomb:1   | Killed a royal mummy
 59122 | Tomb:1   | Reached skill level 22 in Invocations
 59588 | Tomb:1   | Gained mutation: You sometimes lose your temper in combat.
                  | [mutagenic glow]
 59627 | Tomb:1   | Gained mutation: You are weak. (Str -2) [mutagenic glow]
 59642 | Tomb:1   | 59642 ||| DRINKING 12 potions of mutation.
 59642 | Tomb:1   | Lost mutation: You sometimes lose your temper in combat.
                  | [potion of mutation]
 59642 | Tomb:1   | Lost mutation: You are weak. (Str -2) [potion of mutation]
 59642 | Tomb:1   | Lost mutation: You are strong-willed. (Will+) [potion of
                  | mutation]
 59725 | Tomb:2   | 59725 ||| INVOKING Cleansing Flame.
 59728 | Tomb:2   | 59728 ||| INVOKING Cleansing Flame.
 59739 | Tomb:2   | 59739 ||| INVOKING Cleansing Flame.
 59740 | Tomb:2   | 59740 ||| INVOKING Cleansing Flame.
 59926 | Tomb:3   | Entered Level 3 of the Tomb of the Ancients
 59927 | Tomb:3   | 59927 ||| DRINKING 11 potions of haste.
 59928 | Tomb:3   | 59928 ||| DRINKING 5 potions of attraction.
 59931 | Tomb:3   | 59931 ||| INVOKING Cleansing Flame.
 59935 | Tomb:3   | 59935 ||| INVOKING Cleansing Flame.
 59937 | Tomb:3   | 59937 ||| INVOKING Cleansing Flame.
 59939 | Tomb:3   | 59939 ||| INVOKING Cleansing Flame.
 59940 | Tomb:3   | Reached skill level 23 in Invocations
 59947 | Tomb:3   | 59947 ||| INVOKING Cleansing Flame.
 59949 | Tomb:3   | 59949 ||| INVOKING Cleansing Flame.
 59950 | Tomb:3   | 59950 ||| INVOKING Cleansing Flame.
 59953 | Tomb:3   | 59953 ||| INVOKING Cleansing Flame.
 60036 | Tomb:3   | Noticed a royal mummy
 60036 | Tomb:3   | 60036 ||| INVOKING Summon Divine Warrior.
 60037 | Tomb:3   | Noticed a royal mummy
 60037 | Tomb:3   | Noticed a royal mummy
 60040 | Tomb:3   | 60040 ||| INVOKING Cleansing Flame.
 60040 | Tomb:3   | Noticed a royal mummy
 60041 | Tomb:3   | Reached skill level 24 in Invocations
 60041 | Tomb:3   | 60041 ||| INVOKING Cleansing Flame.
 60041 | Tomb:3   | Noticed a royal mummy
 60043 | Tomb:3   | Killed a royal mummy
 60044 | Tomb:3   | 60044 ||| INVOKING Cleansing Flame.
 60045 | Tomb:3   | 60045 ||| INVOKING Cleansing Flame.
 60046 | Tomb:3   | 60046 ||| INVOKING Cleansing Flame.
 60046 | Tomb:3   | Killed a royal mummy
 60046 | Tomb:3   | Killed a royal mummy
 60047 | Tomb:3   | 60047 ||| INVOKING Cleansing Flame.
 60047 | Tomb:3   | Noticed a royal mummy
 60047 | Tomb:3   | Noticed a royal mummy
 60047 | Tomb:3   | Noticed a royal mummy
 60048 | Tomb:3   | 60048 ||| INVOKING Summon Divine Warrior.
 60049 | Tomb:3   | 60049 ||| INVOKING Cleansing Flame.
 60050 | Tomb:3   | 60050 ||| INVOKING Cleansing Flame.
 60050 | Tomb:3   | HP: 33/193 [something (16)]
 60051 | Tomb:3   | 60051 ||| READING 12 scrolls of teleportation.
 60052 | Tomb:3   | 60052 ||| DRINKING 15 potions of heal wounds.
 60053 | Tomb:3   | 60053 ||| INVOKING Cleansing Flame.
 60053 | Tomb:3   | Killed a royal mummy
 60066 | Tomb:3   | 60066 ||| INVOKING Cleansing Flame.
 60071 | Tomb:3   | Reached skill level 25 in Invocations
 60085 | Tomb:3   | Noticed a royal mummy
 60086 | Tomb:3   | 60086 ||| INVOKING Summon Divine Warrior.
 60092 | Tomb:3   | Killed a royal mummy
 60094 | Tomb:3   | 60094 ||| INVOKING Cleansing Flame.
 60099 | Tomb:3   | Killed a royal mummy
 60102 | Tomb:3   | 60102 ||| INVOKING Cleansing Flame.
 60103 | Tomb:3   | 60103 ||| INVOKING Cleansing Flame.
 60104 | Tomb:3   | 60104 ||| INVOKING Cleansing Flame.
 60106 | Tomb:3   | Killed a royal mummy
 60225 | Tomb:3   | Got a golden rune of Zot
 60239 | Tomb:3   | Gained mutation: Your magical capacity is low. (-10% MP)
                  | [mutagenic glow]
 60244 | Tomb:3   | 60244 ||| INVOKING Summon Divine Warrior.
 60250 | Tomb:3   | Killed a royal mummy
 60259 | Tomb:3   | Gained mutation: Your spells are easier to cast, but less
                  | powerful. [mutagenic glow]
 60286 | Tomb:3   | 60286 ||| INVOKING Cleansing Flame.
 60287 | Tomb:3   | 60287 ||| INVOKING Cleansing Flame.
 60288 | Tomb:3   | 60288 ||| INVOKING Cleansing Flame.
 60288 | Tomb:3   | Killed a royal mummy
 60293 | Tomb:3   | Gained mutation: You sometimes lose your temper in combat.
                  | [mutagenic glow]
 60341 | Tomb:3   | 60341 ||| DRINKING 11 potions of mutation.
 60341 | Tomb:3   | Lost mutation: Your spells are easier to cast, but less
                  | powerful. [potion of mutation]
 60341 | Tomb:3   | Lost mutation: Your spells are a little easier to cast, but
                  | a little less powerful. [potion of mutation]
 60341 | Tomb:3   | Lost mutation: You sometimes lose your temper in combat.
                  | [potion of mutation]
 60341 | Tomb:3   | Gained mutation: You possess an exceptional clarity of
                  | mind. [potion of mutation]
 60376 | Tomb:3   | Identified the +9 dire flail of Deflation {vorpal, rElec
                  | Int+2}
 60535 | Tomb:3   | Found the +7 Throatcutter {drain, coup de grace}
 60552 | Tomb:3   | Identified the +1 scale mail of the Earth {Dex+3}
 60556 | Tomb:3   | Identified the +1 flail of Ceinuidu {freeze, rN+ SInv}
 60591 | Tomb:3   | Identified the ring "Purunn" {rCorr EV+4 Str+4}
 60595 | Tomb:3   | Identified the +4 shortbow "Nefedil" {flame, rCorr}
 60671 | Tomb:3   | Identified the +4 scale mail of the Fisher {rPois}
 60755 | Tomb:3   | Identified the +5 chain mail "Dushri" {Will+ SInv}
 60909 | Tomb:3   | 60909 ||| PLANNING PAN
 60909 | Tomb:3   | 60909 ||| DROPPING +0 cloak of preservation.
 60910 | Tomb:3   | 60910 ||| DROPPING ring of protection from cold.
 60911 | Tomb:3   | 60911 ||| DROPPING ring of protection from fire.
 60912 | Tomb:3   | 60912 ||| UPGRADING to ring "Purunn" {rCorr EV+4 Str+4}.
 60914 | Tomb:3   | 60914 ||| DROPPING ring of resist corrosion.
 60915 | Tomb:3   | 60915 ||| DROPPING +4 ring of evasion.
 61157 | Vaults:2 | Was forgiven by Okawaru
 61388 | Pan      | Entered the realm of Mnoleg.
 61388 | Pan      | Entered Pandemonium
 61606 | Pan      | 61606 ||| Stepping ~*~*~tactically~*~*~ (stealth).
 61608 | Pan      | 61608 ||| Stepping ~*~*~tactically~*~*~ (stealth).
 61609 | Pan      | 61609 ||| Stepping ~*~*~tactically~*~*~ (stealth).
 61611 | Pan      | Gained mutation: You are weak. (Str -2) [a neqoxec]
 61762 | Pan      | 61762 ||| Stepping ~*~*~tactically~*~*~ (hiding).
 61871 | Pan      | 61871 ||| Stepping ~*~*~tactically~*~*~ (stealth).
 61889 | Pan      | 61889 ||| Stepping ~*~*~tactically~*~*~ (stealth).
 61892 | Pan      | 61892 ||| Stepping ~*~*~tactically~*~*~ (hiding).
 61893 | Pan      | 61893 ||| Stepping ~*~*~tactically~*~*~ (hiding).
 61898 | Pan      | Lost mutation: You possess an exceptional clarity of mind.
                  | [a neqoxec]
 61925 | Pan      | 61925 ||| DRINKING 16 potions of curing.
 61925 | Pan      | 61925 ||| (to cure confusion)
 61926 | Pan      | 61926 ||| Stepping ~*~*~tactically~*~*~ (hiding).
 61928 | Pan      | 61928 ||| Stepping ~*~*~tactically~*~*~ (stealth).
 61936 | Pan      | Gained mutation: Your spells are a little easier to cast,
                  | but a little less powerful. [a neqoxec]
 61937 | Pan      | Lost mutation: You are weak. (Str -2) [a neqoxec]
 61938 | Pan      | Gained mutation: You are robust. (+10% HP) [a neqoxec]
 61946 | Pan      | 61946 ||| Stepping ~*~*~tactically~*~*~ (hiding).
 61952 | Pan      | Noticed Mnoleg
 61953 | Pan      | 61953 ||| INVOKING Cleansing Flame.
 61954 | Pan      | Reached skill level 26 in Invocations
 61954 | Pan      | 61954 ||| INVOKING Summon Divine Warrior.
 61960 | Pan      | Killed Mnoleg
 61963 | Pan      | 61963 ||| INVOKING Cleansing Flame.
 62065 | Pan      | Got a glowing rune of Zot
 62324 | Pan      | 62324 ||| Stepping ~*~*~tactically~*~*~ (hiding).
 62350 | Pan      | 62350 ||| Stepping ~*~*~tactically~*~*~ (stealth).
 62427 | Pan      | 62427 ||| Stepping ~*~*~tactically~*~*~ (stealth).
 62451 | Pan      | 62451 ||| Stepping ~*~*~tactically~*~*~ (stealth).
 62483 | Pan      | 62483 ||| DRINKING 2 potions of resistance.
 62484 | Pan      | 62484 ||| INVOKING Summon Divine Warrior.
 62505 | Pan      | 62505 ||| Stepping ~*~*~tactically~*~*~ (stealth).
 62508 | Pan      | 62508 ||| Stepping ~*~*~tactically~*~*~ (stealth).
 62532 | Pan      | 62532 ||| Stepping ~*~*~tactically~*~*~ (hiding).
 62558 | Pan      | Noticed Xewuwnem the pandemonium lord
 62559 | Pan      | 62559 ||| Stepping ~*~*~tactically~*~*~ (stealth).
 62560 | Pan      | 62560 ||| Stepping ~*~*~tactically~*~*~ (stealth).
 62561 | Pan      | 62561 ||| INVOKING Summon Divine Warrior.
 62573 | Pan      | Killed Xewuwnem the pandemonium lord
 62749 | Pan      | Found an exit through the horrors of the Abyss.
 63043 | Pan      | 63043 ||| Stepping ~*~*~tactically~*~*~ (hiding).
 63147 | Pan      | Noticed Yhipiumm the pandemonium lord
 63148 | Pan      | 63148 ||| INVOKING Summon Divine Warrior.
 63152 | Pan      | 63152 ||| INVOKING Summon Divine Warrior.
 63162 | Pan      | Killed Yhipiumm the pandemonium lord
 63163 | Pan      | Reached skill level 27 in Invocations
 63183 | Pan      | Got a demonic rune of Zot
 63202 | Pan      | 63202 ||| Stepping randomly (cloudy).
 63203 | Pan      | 63203 ||| Stepping ~*~*~tactically~*~*~ (cloud).
 63228 | Pan      | Found an exit through the horrors of the Abyss.
 63349 | Pan      | 63349 ||| Stepping ~*~*~tactically~*~*~ (stealth).
 63351 | Pan      | 63351 ||| Stepping ~*~*~tactically~*~*~ (stealth).
 63405 | Pan      | 63405 ||| DRINKING 2 potions of resistance.
 63406 | Pan      | 63406 ||| INVOKING Summon Divine Warrior.
 63463 | Pan      | 63463 ||| INVOKING Cleansing Flame.
 63465 | Pan      | Noticed Xigabruer the pandemonium lord
 63465 | Pan      | Found a runed translucent door.
 63466 | Pan      | 63466 ||| READING 13 scrolls of teleportation.
 63466 | Pan      | Gained mutation: Your spells are easier to cast, but less
                  | powerful. [a cacodemon]
 63492 | Pan      | 63492 ||| DRINKING 15 potions of curing.
 63492 | Pan      | 63492 ||| (to cure confusion)
 63495 | Pan      | Gained mutation: You are agile. (Dex +4, Str/Int -1) [a
                  | cacodemon]
 63496 | Pan      | Gained mutation: Your spells are much easier to cast, but
                  | much less powerful. [a cacodemon]
 63500 | Pan      | Gained mutation: You are occasionally teleported next to
                  | monsters. [a cacodemon]
 63524 | Pan      | 63524 ||| DRINKING 10 potions of mutation.
 63524 | Pan      | Lost mutation: Your spells are much easier to cast, but
                  | much less powerful. [potion of mutation]
 63524 | Pan      | Lost mutation: Your flesh is heat resistant. (rF+) [potion
                  | of mutation]
 63524 | Pan      | Lost mutation: You are agile. (Dex +4, Str/Int -1) [potion
                  | of mutation]
 63524 | Pan      | Gained mutation: Your body sometimes deteriorates upon
                  | taking damage. [potion of mutation]
 63524 | Pan      | Lost mutation: Your spells are easier to cast, but less
                  | powerful. [potion of mutation]
 63539 | Pan      | 63539 ||| DRINKING 9 potions of mutation.
 63539 | Pan      | Lost mutation: You are robust. (+10% HP) [potion of
                  | mutation]
 63539 | Pan      | Lost mutation: Your spells are a little easier to cast, but
                  | a little less powerful. [potion of mutation]
 63539 | Pan      | Lost mutation: You are occasionally teleported next to
                  | monsters. [potion of mutation]
 63539 | Pan      | Gained mutation: You passively map a small area around you.
                  | [potion of mutation]
 63781 | Pan      | 63781 ||| Stepping ~*~*~tactically~*~*~ (hiding).
 63783 | Pan      | 63783 ||| Stepping ~*~*~tactically~*~*~ (hiding).
 63861 | Pan      | Found an exit through the horrors of the Abyss.
 63934 | Pan      | 63934 ||| Stepping ~*~*~tactically~*~*~ (hiding).
 63936 | Pan      | 63936 ||| Stepping ~*~*~tactically~*~*~ (hiding).
 63973 | Pan      | 63973 ||| Stepping ~*~*~tactically~*~*~ (stealth).
 64019 | Pan      | 64019 ||| Stepping ~*~*~tactically~*~*~ (hiding).
 64023 | Pan      | 64023 ||| DRINKING potion of resistance.
 64025 | Pan      | 64025 ||| INVOKING Summon Divine Warrior.
 64170 | Pan      | 64170 ||| INVOKING Cleansing Flame.
 64229 | Pan      | Entered the realm of Cerebov.
 64230 | Pan      | 64230 ||| INVOKING Summon Divine Warrior.
 64348 | Pan      | Found an exit through the horrors of the Abyss.
 64397 | Pan      | Identified the +3 scale mail "Apsicit" {rC+ rCorr}
 64450 | Pan      | 64450 ||| Stepping ~*~*~tactically~*~*~ (stealth).
 64547 | Pan      | Identified the +12 flail "Gargoyle's Doom" {freeze, rPois
                  | Int-3 Stlth+}
 64550 | Pan      | Found the +6 sword of Cerebov {flame}
 64550 | Pan      | Noticed Cerebov
 64551 | Pan      | 64551 ||| DRINKING 10 potions of haste.
 64552 | Pan      | 64552 ||| INVOKING Summon Divine Warrior.
 64553 | Pan      | 64553 ||| DRINKING 11 potions of might.
 64557 | Pan      | Reached skill level 24 in Armour
 64558 | Pan      | 64558 ||| DROPPING +4 ring of slaying {mikee}.
 64559 | Pan      | 64559 ||| INVOKING Summon Divine Warrior.
 64560 | Pan      | 64560 ||| INVOKING Cleansing Flame.
 64585 | Pan      | Killed Cerebov
 64631 | Pan      | Identified the +6 long sword "Onoebb" {vorpal, Int+3}
 64665 | Pan      | Identified the +3 plate armour of the Lion {Dex+3}
 64719 | Pan      | Identified the amulet "Wadots" {Faith rPois rF+ Int-3}
 64740 | Pan      | 64740 ||| DROPPING +4 vorpal broad axe.
 64742 | Pan      | Identified the +0 ring mail of Taqaqef {*Corrode rElec
                  | Str+3}
 64760 | Pan      | Got a fiery rune of Zot
 64824 | Pan      | 64824 ||| Stepping ~*~*~tactically~*~*~ (hiding).
 64825 | Pan      | 64825 ||| INVOKING Summon Divine Warrior.
 64826 | Pan      | 64826 ||| INVOKING Cleansing Flame.
 64834 | Pan      | 64834 ||| INVOKING Cleansing Flame.
 64836 | Pan      | Noticed Aggesetuuw the pandemonium lord
 64837 | Pan      | 64837 ||| INVOKING Summon Divine Warrior.
 64844 | Pan      | HP: 10/195 [Hell Sentinel/iron shot (46)]
 64845 | Pan      | 64845 ||| READING 13 scrolls of teleportation.
 64845 | Pan      | Slain by a Hell Sentinel

Levels and vault maps discovered:
D:1:      scummos_arrival_simple_crosswalls, layout_loops_ring, serial_shops,
          nicolae_shop_statue_plus, shapermc_ecumenical_altar_acropolis,
          serial_rivers, chequers_serial_rivers_marsh,
          chequers_serial_rivers_small_b, chequers_serial_rivers_micro_e,
          chequers_serial_rivers_small_3, chequers_serial_rivers_micro_c,
          chequers_serial_rivers_small_a
D:2:      layout_loops_corners, grunt_decor_cap, minmay_pentomino_t2
D:3:      layout_basic, grunt_temple_overflow_open, serial_shops,
          nicolae_square_shop, uniq_robin, uniq_jessica
D:4:      layout_gridville, good_gods_temple_1,
          nicolae_qazlal_style_of_elements, old_standard_altar,
          mainiacjoe_overflow_boulevard, uniq_ijyb
D:5:      layout_basic, minmay_manual_moon
D:6:      layout_loops_corners, enter_ossuary_3
D:7:      layout_basic, nicolae_wu_jian_glorious_leap,
          minmay_temple_entry_butterflies, enter_bailey_5,
          hangedman_decor_opposing, uniq_pikel, uniq_menkaure, uniq_duvessa
D:8:      layout_basic, nicolae_uskayaw_en_pointe, special_room
          [special_room_orc], uniq_gastronok, uniq_grum
D:9:      layout_cave_pods, kennysheep_minor_cross, uniq_maurice
D:10:     layout_irregular_city, grunt_lair_entry_orc_guard_hut,
          chequers_serial_rivers_micro_b, roderic_lattice_a, grunt_ministairs_7,
          hangedman_tell_no_tales
D:11:     layout_loops_ring, uniq_amaemon
D:12:     layout_loops_cross, minmay_orc_entry_temple_large, minivault_26
D:13:     layout_stronghold, david_vaults_3, gammafunk_ghost_grave,
          tgw_lugonu_bribe
D:14:     lemuel_traditional_vault, layout_gridville
D:15:     grunt_enter_depths_magical_seal, layout_irregular_city,
          dk_noncrumbling_2, uniq_rupert
Lair:1:   layout_big_grid, gammafunk_ghost_hydra_chop, serial_bayou_lagoon_a
Lair:2:   layout_roguey, skrybe_swamp_entry_bodies, basic_altar,
          kennysheep_abandoned_house, serial_bayou_shore_a, serial_bayou_shore_b
Lair:3:   cheibrodos_magma_flow, layout_hall_layers, uniq_urug, uniq_josephine,
          uniq_sonja
Lair:4:   layout_gridlike, enter_volcano_2, beast_lair_carwin_5,
          grunt_megastairs_5, infiniplex_staircase_pool_2
Lair:5:   due_jungle_book, layout_concentric_octagons, slime_entry_1,
          grunt_megastairs_4
Swamp:1:  layout_falls_marsh, serial_swamp_ruin, hangedman_swamp_ruin_hall,
          evilmike_swamp_ruin_house_3, evilmike_swamp_ruin_house_2, uniq_louise,
          uniq_frances, uniq_donald
Swamp:2:  layout_basic_swamp, infiniplex_staircase_pool, uniq_mlioglotl
Swamp:3:  layout_falls_marsh, evilmike_swamp_ruin_house_4
Swamp:4:  byrel_swamp_growth_death_and_undeath, layout_basic_swamp
Snake:1:  layout_misc_corridors, grunt_megastairs_1, uniq_kirke
Snake:2:  layout_rooms, basic_altar, nicolae_snake_single_loop,
          nicolae_snake_magic_snake_eye, uniq_vashnia
Snake:3:  layout_layer_cave, minmay_shoptagon, uniq_aizul
Snake:4:  johnstein_snake_rune_scales, layout_cave_town
Orc:1:    layout_caves
Orc:2:    st_orc_open, layout_diamond_mine, serial_shops,
          nicolae_shop_behind_doors, gauntlet_entry_generic,
          nicolae_orc_damp_corner, mines2_david
Vaults:1: grunt_vaults_twisty, nicolae_vaults_what_the_h, v_misc_23, v_misc_27,
          ontoclasm_vaults_ring_large, nicolae_vaults_alarming,
          nicolae_vaults_mini_display_case, vaults_mumra_minichess,
          nicolae_vaults_shelves_hall, layout_vaults_big_room
Vaults:2: nicolae_vaults_branching_niches, hangedman_vaults_pinch,
          minmay_crypt_entry_nasty_monster, vaults_room_semicircle,
          hangedman_vaults_stretched_pinwheel, v_misc_15, vaults_room_pools,
          nicolae_vaults_network_barrier, grunt_vaults_funnel,
          vaults_room_stairs_pillars, layout_vaults_maze, serial_shops, shop
Vaults:3: mu_enter_wizlab_4, vaults_room_door_ring, st_cells,
          vaults_room_stairs_pillars, v_misc_4, v_misc_30, v_misc_29,
          vaults_room_boxed, vaults_room_hallway, grunt_vaults_hallway_short,
          v_rooms_1, nicolae_vaults_shelves_hall, vaults_room_ringed_pool,
          nicolae_vaults_gold_heap, layout_vaults_omnicross, serial_shops, shop,
          nicolae_shop_statue_plus, uniq_margery
Vaults:4: v_rooms_4, v_misc_2, v_misc_27, v_misc_1, hangedman_vaults_capsules,
          ontoclasm_vaults_eye, layout_vaults_omnigrid, uniq_sojobo
Vaults:5: uniq_mara
Crypt:1:  layout_gridlike, chequers_hall_statues_corner_a, uniq_jory
Crypt:2:  layout_gridlike, uniq_xtahua
Crypt:3:  david_glass_crypt, layout_misc_corridors,
          nicolae_tomb_entry_grand_gallery, basic_altar,
          gammafunk_ghost_fury_of_okawaru, minivault_24, st_stairs_9,
          minmay_misc_feat_five
Tomb:1
Tomb:2
Tomb:3
Depths:1: minmay_the_grid_octo_tiled_octocenter_mashed
          [minmay_the_grid_octo_fan_narrow, minmay_the_grid_octo_thin_diamonds,
          minmay_the_grid_octo_focus, minmay_the_grid_octo_odd_swirl,
          minmay_the_grid_octo_prize_single_spiral,
          minmay_the_grid_square_5x5_longway,
          minmay_the_grid_square_5x5_three_small,
          minmay_the_grid_square_5x5_two_walls_b,
          minmay_the_grid_square_5x5_sharp_hourglass], layout_basic,
          pf_hell_entry_tar_spiral, nicolae_ashenzari_skybound,
          grunt_pan_entry_in_and_out, st_stairs_4, kennysheep_crisscross,
          kilobyte_rumbling_trees
Depths:2: gammafunk_its_a_trap, layout_basic, nrook_uturn,
          grunt_hell_entry_dis_old, rand_demon_pan_entry_8,
          infiniplex_staircase_pool_1, grunt_megastairs_3
Depths:3: kennysheep_four_of_diamonds, layout_basic, hell_entry,
          elyvilon_altar_4, rand_demon_pan_entry_7, hangedman_abyss_entry_splay,
          minivault_10, roderic_roman_lattice, hangedman_abyss_or_decor_slice
Depths:4: grunt_zot_entry_tricorne, layout_cave_shapes, enter_ziggurat_d,
          hell_entry, minmay_shop_star, serial_bayou_shore_b, uniq_boris,
          uniq_saint_roka
Zot:1:    layout_concentric_octagons, zot_minivault_1
Zot:2:    circus_mu, layout_gridlike
Zot:3:    layout_misc_corridors
Zot:4:    layout_concentric_octagons, uniq_grunn
Pan:      mnoleg, layout_gridlike, grunt_pan_sceptre, layout_cellular_growth,
          evilmike_mini_pan_3x3, layout_basic, rand_demon_9, layout_stronghold,
          rand_demon_5, layout_basic, pan_disco_hall, layout_gridlike,
          nicolae_pan_sigil_eeng, evilmike_mini_pan_diamond, layout_grid_shapes,
          evilmike_mini_pan_branches, layout_pan_divisions_a
          [pan_division_quadrant_a1, pan_division_quadrant_a5,
          pan_division_quadrant_a4, pan_division_quadrant_a2,
          pan_division_octagon_halves], nicolae_pan_cerebovesque_4,
          evilmike_mini_pan_other_thingy, layout_grid_shapes, cerebov_grunt,
          layout_small_grid, pan_blood_fountain_small, reaverb_pan_figure_eight,
          evilmike_mini_pan_layers, layout_gridville

Skill      XL: |  1  2  3  4  5  6  7  8  9 10 11 12 13 14 15 16 17 18 19 20 21 22 23 24 25 26 27 |
---------------+----------------------------------------------------------------------------------+-----
Axes           | 2 3 4 5 6 7 8 9 10 11 13 15 16 18 | 18.0
Dodging        | 1 2 3 4 5 6 7 8 9 10 | 10.2
Fighting       | 4 6 7 8 9 10 11 12 13 15 16 18 19 21 22 23 25 | 25.8
Invocations    | 3 4 5 8 10 11 18 27 | 27.0
Throwing       | 1 2 3 4 5 6 8 9 10 11 12 13 14 | 14.4
Armour         | 4 6 7 8 9 10 11 12 14 16 17 18 19 21 22 24 | 24.0
Shields        | 4 5 6 7 8 9 15 18 19 20 21 22 | 22.7

Action                   |  1- 3 |  4- 6 |  7- 9 | 10-12 | 13-15 | 16-18 | 19-21 | 22-24 | 25-27 || total
-------------------------+-------+-------+-------+-------+-------+-------+-------+-------+-------++-------
Melee: War axe           |   101 |   158 |    80 |       |       |       |       |       |       ||   339
       Broad axe         |       |       |    95 |   458 |   674 |   851 |   940 |   913 |  1424 ||  5355
       Morningstar       |       |       |       |       |    12 |       |       |       |       ||    12
       Demon whip        |       |       |       |       |    16 |    39 |       |       |       ||    55
Throw: Javelin           |       |       |    10 |    54 |   166 |   128 |   113 |   117 |   198 ||   786
       Boomerang         |       |       |       |    51 |     3 |       |       |       |       ||    54
Invok: Heroism           |       |       |    15 |    28 |    38 |    49 |    33 |    38 |    16 ||   217
       Finesse           |       |       |       |     3 |    11 |     9 |     8 |    19 |     2 ||    52
       Cleansing Flame   |       |       |       |       |       |       |       |       |    97 ||    97
       Summon Divine War |       |       |       |       |       |       |       |       |    24 ||    24
       Brand Weapon With |       |       |       |       |       |       |       |       |     1 ||     1
  Use: Scroll            |     3 |     2 |     2 |    11 |     8 |     8 |     3 |     6 |     6 ||    49
       Potion            |     2 |     3 |     1 |     1 |     6 |     2 |       |     2 |    19 ||    36
 Stab: Distracted        |       |       |       |       |       |     1 |       |    28 |     3 ||    32
Armor: Scale mail        |    50 |   101 |    44 |       |       |       |       |       |       ||   195
       Chain mail        |       |       |    34 |    70 |   373 |   307 |       |       |       ||   784
       Plate armour      |       |       |       |    82 |       |   136 |   300 |   330 |   658 ||  1506
Dodge: Dodged            |    47 |    99 |    96 |   192 |   425 |   356 |   221 |   258 |   468 ||  2162
Block: Buckler           |    29 |    36 |    50 |   101 |   212 |    66 |       |       |       ||   494
       Tower shield      |       |       |       |       |       |   556 |   670 |   600 |  1158 ||  2984

Table legend:
 A = Non-vault XP
 B = Vault XP
 C = Vault XP percentage of total XP
 D = Non-vault monster count
 E = Vault monster count
 F = Vault count percentage of total count
                 A         B        C        D         E       F
            +---------+---------+-------+---------+---------+-------
      Total |  843949 |  864527 |  50.6 |    1518 |    1133 |  42.7
            +---------+---------+-------+---------+---------+-------
        D:1 |      33 |       0 |   0.0 |      19 |       0 |   0.0
        D:2 |      97 |       3 |   3.0 |      23 |       2 |   8.0
        D:3 |      95 |      75 |  44.1 |      18 |      14 |  43.8
        D:4 |     428 |      36 |   7.8 |      26 |       1 |   3.7
        D:5 |     710 |     119 |  14.4 |      17 |       3 |  15.0
        D:6 |     746 |       2 |   0.3 |      11 |       2 |  15.4
        D:7 |    1454 |    1016 |  41.1 |      29 |       8 |  21.6
        D:8 |    1236 |    2253 |  64.6 |      16 |      29 |  64.4
        D:9 |    2119 |     496 |  19.0 |      27 |       1 |   3.6
       D:10 |    2597 |    1679 |  39.3 |      15 |      20 |  57.1
       D:11 |    2983 |    1213 |  28.9 |      21 |       2 |   8.7
       D:12 |    8113 |    5437 |  40.1 |      21 |      33 |  61.1
       D:13 |    3469 |    2330 |  40.2 |      14 |       3 |  17.6
       D:14 |    6693 |   17451 |  72.3 |      18 |      27 |  60.0
       D:15 |    9742 |    4563 |  31.9 |      22 |      10 |  31.2
     Lair:1 |    7848 |       0 |   0.0 |      33 |       0 |   0.0
     Lair:2 |    6741 |    2464 |  26.8 |      34 |      21 |  38.2
     Lair:3 |    2167 |    4624 |  68.1 |      10 |      15 |  60.0
     Lair:4 |    8218 |    2230 |  21.3 |      21 |       7 |  25.0
     Lair:5 |    6876 |   20172 |  74.6 |      23 |      42 |  64.6
    Swamp:1 |   19785 |    5804 |  22.7 |      36 |       4 |  10.0
    Swamp:2 |    7790 |       0 |   0.0 |      14 |       0 |   0.0
    Swamp:3 |    6720 |       0 |   0.0 |      11 |       0 |   0.0
    Swamp:4 |   14242 |   24060 |  62.8 |      24 |      43 |  64.2
    Snake:1 |   10271 |    3312 |  24.4 |      20 |       5 |  20.0
    Snake:2 |   13742 |   20369 |  59.7 |      31 |      28 |  47.5
    Snake:3 |   12809 |    1235 |   8.8 |      25 |       1 |   3.8
    Snake:4 |   19309 |   25117 |  56.5 |      40 |      39 |  49.4
      Orc:1 |    3202 |     822 |  20.4 |      36 |       1 |   2.7
      Orc:2 |    2211 |   13991 |  86.4 |      26 |      40 |  60.6
   Vaults:1 |   16835 |   21701 |  56.3 |      27 |      28 |  50.9
   Vaults:2 |   29172 |   25876 |  47.0 |      42 |      37 |  46.8
   Vaults:3 |   27950 |   30502 |  52.2 |      38 |      38 |  50.0
   Vaults:4 |   35318 |   63369 |  64.2 |      49 |      70 |  58.8
   Vaults:5 |   24007 |   72471 |  75.1 |      32 |      65 |  67.0
    Crypt:1 |   33155 |    2360 |   6.6 |      44 |       1 |   2.2
    Crypt:2 |   27508 |    2903 |   9.5 |      38 |       1 |   2.6
    Crypt:3 |   37512 |   27021 |  41.9 |      51 |      26 |  33.8
     Tomb:1 |    8077 |   86498 |  91.5 |      18 |      48 |  72.7
     Tomb:2 |   12509 |   52185 |  80.7 |      24 |      73 |  75.3
     Tomb:3 |   12522 |  114228 |  90.1 |      28 |     126 |  81.8
   Depths:1 |   15162 |   33954 |  69.1 |      19 |      44 |  69.8
   Depths:2 |   26221 |   10896 |  29.4 |      33 |      14 |  29.8
   Depths:3 |   58587 |   22697 |  27.9 |      70 |      21 |  23.1
   Depths:4 |   34594 |   23915 |  40.9 |      41 |      25 |  37.9
      Zot:1 |   19747 |   14977 |  43.1 |      15 |      13 |  46.4
      Zot:2 |   66779 |   10952 |  14.1 |      50 |      16 |  24.2
      Zot:3 |   29429 |       0 |   0.0 |      25 |       0 |   0.0
      Zot:4 |   23082 |       0 |   0.0 |      21 |       0 |   0.0
        Pan |  123337 |   82136 |  40.0 |     172 |      73 |  29.8
   Gauntlet |       0 |    5013 | 100.0 |       0 |      13 | 100.0
            +---------+---------+-------+---------+---------+-------
